Workbook

Sheet додаток_1
D1: Додаток № 1
D2: до рішення Здолбунівської міської ради
D3: "Про зміни до бюджету Здолбунівської міської територіальної громади на 2026 рік"
D4: від 18 вересня 2026 року № 3506
B6: ЗМІНИ ДО ДОХОДІВ
B7: бюджету Здолбунівської міської територіальної громади на 2026 рік
B8: 1755900000
B9: (код бюджету)
G10: грн.
B11: КОД | C11: Найменування згідно з Класифікацією доходів бюджету | D11: Усього | E11: Загальний фонд | F11: Спеціальний фонд
F12: усього | G12: у тому числі бюджет розвитку
B13: 1 | C13: 2 | D13: 3 | E13: 4 | F13: 5 | G13: 6
B14: 10000000 | C14: Податкові надходження | D14: =E14+F14 -> 3987007 | E14: =E15+E32+E40+E58+E24 -> 3987007 | F14: =F58 -> 0 | G14: 0
B15: 11000000 | C15: Податки на доходи, податки на прибуток, податки на збільшення ринкової вартості | D15: =E15+F15 -> 3396907 | E15: =E22+E16 -> 3396907 | F15: 0 | G15: 0
B16: 11010000 | C16: Податок та збір на доходи фізичних осіб | D16: =E16+F16 -> 3396907 | E16: =E17+E18+E19+E20+E21 -> 3396907 | F16: 0 | G16: 0
B17: 11010100 | C17: Податок на доходи фізичних осіб, що сплачується податковими агентами, із доходів платника податку у вигляді заробітної плати | D17: =E17 -> 2679457 | E17: =2111257+500000+22400+45800 -> 2679457
B18: 11010200 | C18: Податок на доходи фізичних осіб з грошового забезпечення, грошових винагород та інших виплат, одержаних військовослужбовцями та особами рядового і начальницького складу, що сплачується податковими агентами | D18: =E18 -> 0
B19: 11010400 | C19: Податок на доходи фізичних осіб, що сплачується податковими агентами, із доходів платника податку інших ніж заробітна плата | D19: =E19 -> 0
B20: 11010500 | C20: Податок на доходи фізичних осіб, що сплачується фізичними особами за результатами річного декларування | D20: =E20 -> 527450 | E20: 527450
B21: 11011300 | C21: Податок на доходи фізичних осіб у вигляді мінімального податкового зобов'язання, що підлягає сплаті фізичними особами | D21: =E21 -> 190000 | E21: 190000
B22: 11020000 | C22: Податок на прибуток підприємств | D22: =E22+F22 -> 0 | E22: =E23 -> 0 | F22: 0 | G22: 0
B23: 11020200 | C23: Податок на прибуток підприємств та фінансових установ комунальної власності | D23: =E23+F23 -> 0 | F23: 0 | G23: 0
B24: 13000000 | C24: Рентна плата та плата за використання інших природних ресурсів | D24: =E24+F24 -> 0 | E24: =E28+E25+E30 -> 0 | F24: 0 | G24: 0
B25: 13010000 | C25: Рентна плата за спеціальне використання лісових ресурсів | D25: =D27+D26 -> 0 | E25: =E27+E26 -> 0 | F25: =F27 -> 0 | G25: =G27 -> 0
B26: 13010100 | C26: Рентна плата за спеціальне використання лісових ресурсів в частині деревини, заготовленої в порядку рубок головного користування | D26: =E26 -> 0
B27: 13010200 | C27: Рентна плата за спеціальне використання лісових ресурсів (крім рентної плати за спеціальне використання лісових ресурсів в частині деревини, заготовленої в порядку рубок головного користування) | D27: =E27 -> 0
B28: 13030000 | C28: Рентна плата за користування надрами загальнодержавного значення | D28: =E28+F28 -> 0 | E28: =E29 -> 0 | F28: 0 | G28: 0
B29: 13030100 | C29: Рентна плата за користування надрами для видобування інших корисних копалин загальнодержавного значення | D29: =E29 -> 0
B30: 13040000 | C30: Рентна плата за користування надрами місцевого значення | D30: =D31 -> 0 | E30: =E31 -> 0 | F30: =F31 -> 0 | G30: =G31 -> 0
B31: 13040100 | C31: Рентна плата за користування надрами для видобування корисних копалин місцевого значення | D31: =E31+F31 -> 0
B32: 14000000 | C32: Внутрішні податки на товари та послуги | D32: =E32+F32 -> -500000 | E32: =E37+E35+E33 -> -500000 | F32: 0 | G32: 0
B33: 14020000 | C33: Акцизний податок з вироблених в Україні підакцизних товарів (продукції) | D33: =E33+F33 -> -500000 | E33: =E34 -> -500000 | F33: =F34 -> 0 | G33: =G34 -> 0
B34: 14021900 | C34: Пальне | D34: =E34+F34 -> -500000 | E34: -500000 | F34: 0 | G34: 0
B35: 14030000 | C35: Акцизний податок з ввезених на митну територію України підакцизних товарів (продукції) | D35: =D36 -> 0 | E35: =E36 -> 0 | F35: =F36 -> 0 | G35: =G36 -> 0
B36: 14031900 | C36: Пальне | D36: =E36+F36 -> 0 | F36: 0 | G36: 0
B37: 14040000 | C37: Акцизний податок з реалізації суб'єктами господарювання роздрібної торгівлі підакцизних товарів | D37: =E37+F37 -> 0 | E37: =E38+E39 -> 0 | F37: 0 | G37: 0
B38: 14040100 | C38: Акцизний податок з реалізації виробниками та/або імпортерами, у тому числі в роздрібній торгівлі тютюнових виробів, тютюну та промислових замінників тютюну, рідин, що використовуються в електронних сигаретах, що оподатковується згідно з підпунктом 213.1.14 пункту 213.1статті 213 Податкового кодексу України Податкового кодексу України | D38: =E38+F38 -> 0
B39: 14040200 | C39: Акцизний податок з реалізації суб’єктами господарювання роздрібної торгівлі підакцизних товарів (крім тих, що оподатковуються згідно з підпунктом 213.1.14 пункту 213.1 статті 213 Податкового кодексу України) | D39: =E39+F39 -> 0
B40: 18000000 | C40: Місцеві податки та збори, що сплачуються (перераховуються) згідно з Податковим кодексом України | D40: =E40+F40 -> 1090100 | E40: =E41+E54+E52 -> 1090100 | F40: 0 | G40: 0
B41: 18010000 | C41: Податок на майно | D41: =E41+F41 -> 612500 | E41: =SUM(E42:E51) -> 612500 | F41: =SUM(F42:F49) -> 0 | G41: =SUM(G42:G49) -> 0
B42: 18010100 | C42: Податок на нерухоме майно, відмінне від земельної ділянки, сплачений юридичними особами, які є власниками об'єктів житлової нерухомості | D42: =E42+F42 -> 0 | F42: 0 | G42: 0
B43: 18010200 | C43: Податок на нерухоме майно, відмінне від земельної ділянки, сплачений фізичними особами, які є власниками об'єктів житлової нерухомості | D43: =E43+F43 -> 0 | F43: 0 | G43: 0
B44: 18010300 | C44: Податок на нерухоме майно, відмінне від земельної ділянки, сплачений фізичними особами, які є власниками об'єктів нежитлової нерухомості | D44: =E44+F44 -> 0 | F44: 0 | G44: 0
B45: 18010400 | C45: Податок на нерухоме майно, відмінне від земельної ділянки, сплачений юридичними особами, які є власниками об'єктів нежитлової нерухомості | D45: =E45+F45 -> 0 | F45: 0 | G45: 0
B46: 18010500 | C46: Земельний податок з юридичних осіб | D46: =E46+F46 -> 0 | F46: 0 | G46: 0
B47: 18010600 | C47: Орендна плата з юридичних осіб | D47: =E47+F47 -> 0 | F47: 0 | G47: 0
B48: 18010700 | C48: Земельний податок з фізичних осіб | D48: =E48+F48 -> 600000 | E48: 600000 | F48: 0 | G48: 0
B49: 18010900 | C49: Орендна плата з фізичних осіб | D49: =E49+F49 -> 0 | F49: 0 | G49: 0
B50: 18011000 | C50: Транспортний податок з фізичних осіб | D50: =E50+F50 -> 12500 | E50: 12500
B51: 18011100 | C51: Транспортний податок з юридичних осіб | D51: =E51+F51 -> 0 | F51: 0 | G51: 0
B52: 18030000 | C52: Туристичний збір | D52: =E52 -> -22400 | E52: =E53 -> -22400 | F52: 0 | G52: 0
B53: 18030100 | C53: Туристичний збір, сплачений юридичними особами | D53: =E53 -> -22400 | E53: -22400 | F53: 0 | G53: 0
B54: 18050000 | C54: Єдиний податок | D54: =E54+F54 -> 500000 | E54: =SUM(E55:E57) -> 500000 | F54: =SUM(F55:F56) -> 0 | G54: =SUM(G55:G56) -> 0
B55: 18050300 | C55: Єдиний податок з юридичних осіб | D55: =E55+F55 -> 500000 | E55: 500000 | F55: 0 | G55: 0
B56: 18050400 | C56: Єдиний податок з фізичних осіб | D56: =E56+F56 -> 0 | F56: 0 | G56: 0
B57: 18050500 | C57: Єдиний податок з сільськогосподарських товаровиробників, у яких частка сільськогосподарського товаровиробництва за попередній податковий (звітний) рік дорівнює або перевищує 75 відсотків | D57: =E57 -> 0
B58: 19000000 | C58: Інші податки та збори | D58: =E58+F58 -> 0 | E58: =E59 -> 0 | F58: =F59 -> 0 | G58: 0
B59: 19010000 | C59: Екологічний податок | D59: =E59+F59 -> 0 | E59: =E60 -> 0 | F59: =F60 -> 0 | G59: 0
B60: 19010100 | C60: Екологічеий податок, який справляється за викиди в атмосферне повітря забруднюючих речовин стаціонарними джерелами забруднення (за винятком викидів в атмосферне повітря двооксиду вуглецю) | D60: =E60+F60 -> 0 | E60: 0
B61: 20000000 | C61: Неподаткові надходження | D61: =E61+F61 -> 731490 | E61: =E62+E71+E81+E86 -> 731490 | F61: =F86+F81+F71+F62 -> 0 | G61: =G86 -> 0
B62: 21000000 | C62: Доходи від власності та підприємницької діяльності | D62: =E62+F62 -> 102200 | E62: =E64+E63 -> 102200 | F62: =F64+F70 -> 0
B63: 21010300 | C63: Частина чистого прибутку (доходу) комунальних унітарних підприємств та їх об'єднань, що вилучається до відповідного місцевого бюджету | D63: =E63+F63 -> 0
B64: 21080000 | C64: Інші надходження | D64: =E64+F64 -> 102200 | E64: =E67+E68+E65+E69+E66 -> 102200 | F64: 0 | G64: 0
B65: 21080500 | C65: Інші надходження | D65: =E65+F65 -> 0
B66: 21080900 | C66: Штрафні санкції за порушення законодавства про патентування, за порушення норм регулювання обігу готівки та про застосування реєстраторів розрахункових операцій у сфері торгівлі, громадського харчування та послуг | D66: =E66+F66 -> 0
B67: 21081100 | C67: Адміністративні штрафи та інші санкції | D67: =E67+F67 -> -45800 | E67: -45800 | F67: 0 | G67: 0
B68: 21081500 | C68: Штрафні санкції, що застосовуються відповідно до Закону України "Про державне регулювання виробництва і обігу спирту етилового, коньячного і плодового, алкогольних напоїв, тютюнових виробів, рідин, що використовуються в електронних сигаретах, та пального" | D68: =E68+F68 -> 148000 | E68: 148000 | F68: 0 | G68: 0
B69: 21082400 | C69: Кошти гарантійного та реєстраційного внесків, що визначені Законом України "Про оренду державного та комунального майна", які підлягають перерахуванню оператором електронного майданчика до відповідного бюджету | D69: =E69+F69 -> 0
B70: 21110000 | C70: Надходження коштів від відшкодування втрат сільськогосподарського і лісогосподарського виробництва | D70: =E70+F70 -> 0
B71: 22000000 | C71: Адміністративні збори та платежі, доходи від некомерційноїгосподарської діяльності | D71: =E71+F71 -> 0 | E71: =E78+E72+E77 -> 0 | F71: 0 | G71: 0
B72: 22010000 | C72: Плата за надання адміністративних послуг | D72: =D74+D73+D75 -> 0 | E72: =E73+E74+E75 -> 0 | F72: 0 | G72: 0
B73: 22010300 | C73: Адміністративний збір за проведення державної реєстрації юридичних осіб, фізичних осіб - підприємців та громадських формувань | D73: =E73 -> 0
B74: 22012500 | C74: Плата за надання інших адміністративних послуг | D74: =E74 -> 0 | F74: 0 | G74: 0
B75: 22012600 | C75: Адміністративний збір за державну реєстрацію речових прав на нерухоме майно та їх обтяжень | D75: =E75 -> 0
B76: 22080000 | C76: Надходження від орендної плати за користування цілісним майновим комплексом та іншим державним майном | D76: =E76 -> 0 | E76: =E77 -> 0 | F76: 0 | G76: 0
B77: 22080400 | C77: Надходження від орендної плати за користування майновим комплексом та іншим майном, що перебуває в комунальній власності | D77: =E77 -> 0
B78: 22090000 | C78: Державне мито | D78: =E78+F78 -> 0 | E78: =SUM(E79:E80) -> 0 | F78: 0 | G78: 0
B79: 22090100 | C79: Державне мито, що сплачується за місцем розгляду та оформлення документів, у тому числі за оформлення документів на спадщину і дарування | D79: =E79+F79 -> 0 | F79: 0 | G79: 0
B80: 22090400 | C80: Державне мито, пов"язане з видачею та оформленням закордонних пасортів (посвідок) та паспортів громадян України | D80: =E80+F80 -> 0 | F80: 0 | G80: 0
B81: 24000000 | C81: Інші неподаткові надходження | D81: =E81+F81 -> 629290 | E81: =E82 -> 629290 | F81: =F82 -> 0
B82: 24060000 | C82: Інші надходження | D82: =E82+F82 -> 629290 | E82: =E83+E85 -> 629290 | F82: =F83+F84+F85 -> 0
B83: 24060300 | C83: Інші надходження | D83: =E83 -> 629290 | E83: 629290
B84: 24062100 | C84: Грошові стягнення за шкоду, заподіяну порушенням законодавства про охорону навколишнього природного середовища внаслідок господарської та іншої діяльності | D84: =E84+F84 -> 0 | E84: 0
B85: 24062200 | C85: Кошти за шкоду, що заподіяна на земельних ділянках державної та комунальної власності, які не надані у користування та не передані у власність, внаслідок їх самовільного зайняття, використання не за цільовим призначенням, зняття ґрунтового покриву (родючого шару ґрунту) без спеціального дозволу; відшкодування збитків за погіршення якості ґрунтового покриву тощо та за неодержання доходів у зв'язку з тимчасовим невикористанням земельних ділянок | D85: =E85 -> 0
B86: 25000000 | C86: Власні надходження бюджетних установ | D86: =E86+F86 -> 0 | E86: =E87 -> 0 | F86: =F87 -> 0 | G86: =G87 -> 0
B87: 25010000 | C87: Надходження від плати за послуги, що надаються бюджетними установами згідно із законодавством | D87: =E87+F87 -> 0 | E87: =E88 -> 0 | F87: =F88 -> 0 | G87: =G88 -> 0
B88: 25010100 | C88: Плата за послуги, що надаються бюджетними установами згідно з їх основною діяльністю | D88: =E88+F88 -> 0 | E88: 0 | G88: 0
B89: 30000000 | C89: Доходи від операцій з капіталом | D89: =E89+F89 -> 1300000 | E89: =E91+E90 -> 0 | F89: =F95+F90 -> 1300000 | G89: =G95+G90 -> 1300000
B90: 31000000 | C90: Наджходження від продажу основного капіталу | D90: =E90+F90 -> 0 | E90: =E91+E93+E94 -> 0 | F90: =G90 -> 0 | G90: =G91+G92+G93+G94 -> 0
B91: 31010000 | C91: Кошти від реалізації скарбів, майна, одержаного державою або територіальною громадою в порядку спадкування чи дарування, безхазяйного майна, знахідок, а також валютних цінностей і грошових коштів , власники яких невідомі | D91: =F91 -> 0 | E91: =E92 -> 0
B92: 31010200 | C92: Кошти від реалізації безхазяйного майна, знахідок, спадкового майна, майна, одержаного територіальною громадою в порядку спадкування чи дарування, а також валютні цінності і грошові кошти, власники яких невідомі | D92: =E92+F92 -> 0
B93: 31020000 | C93: Надходження коштів від Державного фонду дорогоцінних металів і дорогоцінного каміння | D93: =E93+F93 -> 0
B94: 31030000 | C94: Кошти від відчуження майна, що належить Автономній Республіці Крим та майна, що перебуває в комунальній власності | D94: =F94 -> 0 | F94: =G94 -> 0
B95: 33000000 | C95: Кошти від продажу землі і нематеріальних активів | D95: =E95+F95 -> 1300000 | E95: 0 | F95: =F96 -> 1300000 | G95: =G96 -> 1300000
B96: 33010000 | C96: Кошти від продажу землі | D96: =D97+D98 -> 1300000 | E96: =E97 -> 0 | F96: =F97+F98 -> 1300000 | G96: =G97+G98 -> 1300000
B97: 33010100 | C97: Кошти від продажу земельних ділянок несільськогосподарського призначення, що перебувають у державній або комунальній власності, та земельних ділянок, які знаходяться на території Автономної Республіки Крим | D97: =F97+E97 -> 1300000 | E97: 0 | F97: 1300000 | G97: 1300000
B98: 33010200 | C98: Кошти від продажу прав на земельні ділянки несільськогосподарського призначення, що перебувають у державній або комунальній власності, та прав на земельні ділянки, які знаходяться на території Автономної Республіки Крим | D98: =F98+E98 -> 0
C99: Усього доходів (без урахування міжбюджетних трансфертів) | D99: =D14+D61+D89 -> 6018497 | E99: =E14+E61+E89 -> 4718497 | F99: =F14+F61+F89 -> 1300000 | G99: =G14+G61+G89 -> 1300000
B100: 40000000 | C100: Офіційні трансферти | D100: =E100+F100 -> 68238500 | E100: =E101 -> 68238500 | F100: =F101 -> 0 | G100: =G101 -> 0
B101: 41000000 | C101: Від органів державного управління | D101: =F101+E101 -> 68238500 | E101: =E102+E113+E112 -> 68238500 | F101: =F102+F110+F113 -> 0 | G101: =G113+G102 -> 0
...

Sheet додаток_2
E1: Додаток № 2
D2: =додаток_1!D2 -> до рішення Здолбунівської міської ради
D3: =додаток_1!D3 -> "Про зміни до бюджету Здолбунівської міської територіальної громади на 2026 рік"
D4: =додаток_1!D4 -> від 18 вересня 2026 року № 3506
B8: ЗМІНИ ДО ФІНАНСУВАННЯ
B9: бюджету Здолбунівської міської територіальної громади на 2026 рік
B11: 1755900000
B12: (код бюджету)
G13: грн.
B14: Код | C14: Найменування згідно з Класифікацією фінансування бюджету | D14: Усього | E14: Загальний фонд | F14: Спеціальний фонд
F15: усього | G15: у тому числі бюджет розвитку
B16: 1 | C16: 2 | D16: 3 | E16: 4 | F16: 5 | G16: 6
B17: Фінансування за типом кредитора
B18: 200000 | C18: Внутрішнє фінансування | D18: =D19 -> 1500000 | E18: =E19 -> 8540672 | F18: =F19 -> -7040672 | G18: =G19 -> -7040672
B19: 208000 | C19: Фінансування за рахунок зміни залишків коштів бюджетів | D19: =D20-D21 -> 1500000 | E19: =E20-E21+E22 -> 8540672 | F19: =F20-F21+F22 -> -7040672 | G19: =G20-G21+G22 -> -7040672
B20: 208100 | C20: На початок періоду | D20: =E20+F20 -> 4124056.6 | E20: 4124056.6
B21: 208200 | C21: На кінець періоду | D21: =E21+F21 -> 2624056.6 | E21: 2624056.6
B22: 208400 | C22: Кошти, що передаються із загального фонду бюджету до бюджету розвитку (спеціального фонду) | D22: =E22+F22 -> 0 | E22: =800000+4140672+2100000 -> 7040672 | F22: -7040672 | G22: -7040672
C23: Загальне фінансування | D23: =D18 -> 1500000 | E23: =E18 -> 8540672 | F23: =F18 -> -7040672 | G23: =G18 -> -7040672
B24: Фінансування за типом боргового зобов'язання
B25: 600000 | C25: Фінансування за активними операціями | D25: =D26 -> 1500000 | E25: =E26 -> 8540672 | F25: =F26 -> -7040672 | G25: =G26 -> -7040672
B26: 602000 | C26: Зміни обсягів готівкових коштів | D26: =D27-D28 -> 1500000 | E26: =E27-E28+E29 -> 8540672 | F26: =F27-F28+F29 -> -7040672 | G26: =G27-G28+G29 -> -7040672
B27: 602100 | C27: На початок періоду | D27: =E27+F27 -> 4124056.6 | E27: =E20 -> 4124056.6 | F27: =F20 -> 0 | G27: =G20 -> 0
B28: 602200 | C28: На кінець періоду | D28: =E28+F28 -> 2624056.6 | E28: =E21 -> 2624056.6 | F28: =F21 -> 0 | G28: =G21 -> 0
B29: 602400 | C29: Кошти, що передаються із загального фонду бюджету до бюджету розвитку (спеціального фонду) | D29: =E29+F29 -> 0 | E29: =E22 -> 7040672 | F29: =F22 -> -7040672 | G29: =G22 -> -7040672
C30: Загальне фінансування | D30: =D25 -> 1500000 | E30: =E25 -> 8540672 | F30: =F25 -> -7040672 | G30: =G25 -> -7040672
B35: Секретар міської ради | E35: Олег БАБІЙ

Sheet додаток_3
K1: Додаток № 3
K2: =додаток_1!D2 -> до рішення Здолбунівської міської ради
K3: =додаток_1!D3 -> "Про зміни до бюджету Здолбунівської міської територіальної громади на 2026 рік"
K4: =додаток_1!D4 -> від 18 вересня 2026 року № 3506
B5: ЗМІНИ ДО РОЗПОДІЛУ ВИДАТКІВ
B6: бюджету Здолбунівської міської територіальної громади на 2026 рік
A7: 1755900000
A8: (код бюджету)
P9: (грн.)
A10: Код Програмної класифікації видатків та кредиту-вання місцевого бюджету | B10: Код Типової програмної класифікації видатків та кредитування місцевого бюджету | C10: Код Функціональної класифікації видатків та кредитування бюджету | D10: Найменування головного розпорядника коштів місцевого бюджету/відповідального виконавця, найменування бюджетної програми згідно з Типовою програмною класифікацією видатків та кредитування місцевого бюджету | E10: Загальний фонд | J10: Спеціальний фонд | P10: РАЗОМ
E11: усього | F11: видатки споживання | G11: з них | I11: видатки розвитку | J11: усього | K11: у тому числі бюджет розвитку | L11: видатки споживання | M11: з них | O11: видатки розвитку
G12: оплата праці | H12: комунальні послуги та енергоносії | M12: оплата праці | N12: комунальні послуги та енергоносії
A14: 1 | B14: 2 | C14: 3 | D14: 4 | E14: 5 | F14: 6 | G14: 7 | H14: 8 | I14: 9 | J14: 10 | K14: 11 | L14: 12 | M14: 13 | N14: 14 | O14: 15 | P14: 16
A15: 0100000 | D15: Здолбунівська міська рада | E15: =E16 -> 11178487 | F15: =F16 -> 10948487 | G15: =G16 -> 2193435 | H15: =H16 -> 0 | I15: =I16 -> 230000 | J15: =J16 -> -2100000 | K15: =K16 -> -2100000 | L15: =L16 -> 0 | ... P15: =P16 -> 9078487
A16: 0110000 | D16: Здолбунівська міська рада | E16: =E17+E22+E29+E33+E40+E44+E45+E46+E50+E51+E49+E34+E26 -> 11178487 | F16: =F17+F22+F29+F33+F40+F44+F45+F46+F50+F51+F34+F26 -> 10948487 | G16: =G17+G22+G29+G33+G40+G44+G45+G46+G50+G51 -> 2193435 | H16: =H17+H22+H29+H33+H40+H44+H45+H46+H50+H51 -> 0 | I16: =I17+I22+I29+I33+I40+I44+I45+I46+I50+I51+I49 -> 230000 | J16: =J39+J41+J35 -> -2100000 | K16: =K17+K18+K19+K20+K21+K22+K23+K25+K26+K28+K29+K33+K34+K36+K37+K40+K41+K42+K43+K45+K46+K47+K48+K50+K51+K35+K38+K27 -> -2100000 | L16: =L17+L18+L19+L20+L21+L22+L23+L25+L26+L28+L29+L33+L34+L36+L37+L40+L41+L42+L43+L45+L46+L47+L48 -> 0 | M16: =M17+M18+M19+M20+M21+M22+M23+M25+M26+M28+M29+M33+M34+M36+M37+M40+M41+M42+M43+M45+M46+M47+M48 -> 0 | N16: =N17+N18+N19+N20+N21+N22+N23+N25+N26+N28+N29+N33+N34+N36+N37+N40+N41+N42+N43+N45+N46+N47+N48 -> 0 | O16: =O17+O18+O19+O20+O21+O22+O23+O25+O26+O28+O29+O33+O34+O36+O37+O40+O41+O42+O43+O45+O46+O47+O48+O50+O51+O35+O38+O39+O27 -> -2100000 | P16: =P17+P22+P29+P33+P39+P40+P41+P44+P45+P46+P50+P51+P49+P34+P26+P35 -> 9078487
A17: 0110150 | B17: 0150 | C17: 0111 | D17: Організаційне, інформаційно-аналітичне та матеріально-технічне забезпечення діяльності обласної ради, районної ради, районної у місті ради (у разі її створення), міської, селищної, сільської рад | E17: =F17+I17 -> 1030000 | F17: =200000+800000 -> 1000000 | G17: 800000 | I17: 30000 | P17: =E17+J17 -> 1030000
A18: 0110180 | B18: 0180 | C18: 0133 | D18: Інша діяльність у сфері державного управління | E18: =F18 -> 0 | P18: =E18 -> 0
A19: 0113032 | B19: 3032 | C19: 1070 | D19: Надання пільг окремим категоріям громадян з оплати послуг зв'язку | E19: =F19 -> 0 | P19: =E19 -> 0
A20: 0113033 | B20: 3033 | C20: 1070 | D20: Компенсаційні виплати на пільговий проїзд автомобільним транспортом окремим категоріям громадян | E20: =F20 -> 0 | P20: =E20+J20 -> 0
A21: 0113035 | B21: 3035 | C21: 1070 | D21: Компенсаційні виплати за пільговий проїзд окремих категорій громадян на залізничному транспорті | E21: =F21 -> 0 | P21: =E21+J21 -> 0
A22: 0113104 | B22: 3104 | C22: 1020 | D22: Забезпечення соціальними послугами за місцем проживання громадян, які не здатні до самообслуговування у зв"язку з похилим віком, хворобою, інвалідністю | E22: =F22 -> 1700000 | F22: =200000+1500000 -> 1700000 | G22: =1229500+163935 -> 1393435 | P22: =E22+J22 -> 1700000
A23: 0113112 | B23: 3112 | C23: 1040 | D23: Заходи державної політики з питань дітей та їх соціального захисту | E23: =F23 -> 0 | P23: =E23+J23 -> 0
A24: 0113160 | B24: 3160 | C24: 1010 | D24: Надання соціальних гарантій фізичним особам, які надають соціальні послуги громадянам похилого віку, особам з інвалідністю, дітям з інвалідністю, хворим, які не здатні до самообслуговування і потребують сторонньої допомоги | P24: =E24+J24 -> 0
A25: 0113225 | B25: 3225 | C25: 1060 | D25: Реалізація публічного інвестиційного проекту із виплати грошової компенсації за належні для отримання жилі приміщення для сімей осіб, визначених пунктами 2–5 частини першої статті 10-1 Закону України «Про статус ветеранів війни, гарантії їх соціального захисту», для осіб з інвалідністю I–II груп, яка настала внаслідок поранення, контузії, каліцтва або захворювання, одержаних під час безпосередньої участі в антитерористичній операції, забезпеченні її проведення, здійсненні заходів із забезпечення національної безпеки і оборони, відсічі і стримування збройної агресії Російської Федерації у Донецькій та Луганській областях, забезпеченні їх здійснення, у заходах, необхідних для забезпечення оборони України, захисту безпеки населення та інтересів держави у зв’язку з військовою агресією Російської Федерації проти України, визначених пунктами 11–14 частини другої статті 7 Закону України «Про статус ветеранів війни, гарантії їх соціального захисту», та які потребують поліпшення житлових умов | E25: =F25 -> 0 | P25: =E25+J25 -> 0
A26: 0113242 | B26: 3242 | C26: 1090 | D26: Інші заходи та заклади у сфері соціального захисту і соціального забезпечення | E26: =F26 -> 45000 | F26: =-20000+65000 -> 45000 | P26: =E26+J26 -> 45000
A27: 0113250 | B27: 3250 | C27: 1090 | D27: Підготовка та реалізація публічних інвестиційних проектів / програм публічних інвестицій за рахунок коштів місцевого бюджету в галузі соціального захисту та соціального забезпечення | P27: =E27+J27 -> 0
A28: 0114082 | B28: 4082 | C28: 0829 | D28: Інші заходи в галузі культури і мистецтва | E28: =F28 -> 0 | P28: =E28+J28 -> 0
A29: 0116010 | B29: 6010 | D29: Утримання та ефективна експлуатація об'єктів житлово-комунального господарства | E29: =E30+E31+E32 -> 2653000 | F29: =F30+F31+F32 -> 2653000 | P29: =E29+J29 -> 2653000
A30: 0116012 | B30: 6012 | C30: 0620 | D30: Забезпечення діяльності з виробництва, транспортування, постачання теплової енергії | E30: =F30 -> 2100000 | F30: 2100000 | P30: =E30+J30 -> 2100000
A31: 0116013 | B31: 6013 | C31: 0620 | D31: Забезпечення діяльності водопровідно-каналізаційного господарства | E31: =F31 -> 433000 | F31: =350000+83000 -> 433000 | P31: =E31+J31 -> 433000
A32: 0116017 | B32: 6017 | C32: 0620 | D32: Інша діяльність, пов'язана з експлуатацією об'єктів житлово-комунального господарства | E32: =F32+I32 -> 120000 | F32: 120000 | P32: =E32+J32 -> 120000
A33: 0116030 | B33: 6030 | C33: 0620 | D33: Організація благоустрою населених пунктів | E33: =F33+I33 -> 880000 | F33: =880000-200000 -> 680000 | I33: 200000 | P33: =E33+J33 -> 880000
A34: 0116071 | B34: 6071 | C34: 0640 | D34: Відшкодування різниці між розміром ціни (тарифу) на теплову енергію, у тому числі її виробництво, транспортування та постачання, комунальні послуги, що затверджувалися або погоджувалися рішенням місцевого органу виконавчої влади та органу місцевого самоврядування, та розміром економічно обґрунтованих витрат на їх виробництво (надання) | E34: =F34 -> 0 | P34: =E34+J34 -> 0
A35: 0116091 | B35: 6091 | C35: 0640 | D35: Підготовка та реалізація публічних інвестиційних проектів / програм публічних інвестицій за рахунок коштів місцевого бюджету в галузі житлово- комунального господарства | J35: =K35 -> -2100000 | K35: =O35 -> -2100000 | O35: -2100000 | P35: =E35+J35 -> -2100000
A36: 0117130 | B36: 7130 | C36: 0421 | D36: Проведення заходів із землеустрою | E36: =F36 -> 0 | P36: =E36+J36 -> 0
A37: 0117350 | B37: 7350 | C37: 0443 | D37: Розроблення схем планування та забудови територій (містобудівної документації) | J37: =K37 -> 0 | K37: =O37 -> 0 | P37: =J37 -> 0
A38: 0117367 | B38: 7367 | C38: 0490 | D38: Реалізація проектів у рамках Програми відновлення України III | J38: =K38 -> 0 | K38: =O38 -> 0 | P38: =J38 -> 0
A39: 0117367 | B39: 7367 | C39: 0490 | D39: Реалізація проектів у рамках Програми відновлення України III | J39: =O39 -> 0 | P39: =J39 -> 0
A40: 0117461 | B40: 7461 | C40: 0456 | D40: Утримання та розвиток автомобільних доріг та дорожньої інфраструктури за рахунок коштів місцевого бюджету | E40: =F40 -> 3994000 | F40: 3994000 | P40: =E40+J40 -> 3994000
A41: 0117670 | B41: 7670 | C41: 0490 | D41: Внески до статутного капіталу суб'єктів господарювання | J41: =K41 -> 0 | K41: =O41 -> 0 | P41: =J41 -> 0
A42: 0117680 | B42: 7680 | C42: 0490 | D42: Членські внески до асоціацій органів місцевого самоврядування | E42: =F42 -> 0 | P42: =E42+J42 -> 0
A43: 0117693 | B43: 7693 | C43: 0490 | D43: Інші заходи, пов'язані з економічною діяльністю | E43: =F43 -> 0 | P43: =E43+J43 -> 0
A44: 0117700 | B44: 7700 | C44: 0133 | D44: Реалізація програм допомоги і грантів Європейського Союзу, урядів іноземних держав, міжнародних організацій, донорських установ | E44: =F44 -> 526487 | F44: 526487 | P44: =E44+J44 -> 526487
A45: 0118110 | B45: 8110 | C45: 0320 | D45: Заходи із запобігання та ліквідації надзвичайних ситуацій та наслідків стихійного лиха | E45: =F45 -> 0 | P45: =E45+J45 -> 0
A46: 0118220 | B46: 8220 | C46: 0380 | D46: Заходи та роботи з мобілізаційної підготовки місцевого значення | E46: =F46 -> 0 | P46: =E46+J46 -> 0
A47: 0118240 | B47: 8240 | C47: 0380 | D47: Заходи та роботи з територіальної оборони | E47: =F47+I47 -> 0 | P47: =E47+J47 -> 0
A48: 0118340 | B48: 8340 | C48: 0540 | D48: Природоохоронні заходи за рахунок цільових фондів | P48: =J48+E48 -> 0
A49: 0119150 | B49: 9150 | C49: 0180 | D49: Інші дотації з місцевого бюджету | E49: =I49 -> 0 | P49: =E49+J49 -> 0
A50: 0119770 | B50: 9770 | C50: 0180 | D50: Інші субвенції з місцевого бюджету | E50: =F50+I50 -> 200000 | F50: =20000+30000+50000+100000 -> 200000 | P50: =E50+J50 -> 200000
A51: 0119800 | B51: 9800 | C51: 0180 | D51: Субвенція з місцевого бюджету державному бюджету на виконання програм соціально-економічного розвитку регіонів | E51: =F51+I51 -> 150000 | F51: =100000+50000 -> 150000 | P51: =E51+J51 -> 150000
A52: 0600000 | D52: Управління з гуманітарних питань Здолбунівської міської ради | E52: =E53 -> 70319182 | F52: =F53 -> 69702182 | G52: =G53 -> 55982357 | H52: =H53 -> 195080 | I52: =I53 -> 617000 | J52: =J53 -> -3640672 | K52: =K53 -> -3640672 | L52: =L53 -> 0 | ... P52: =P53 -> 66678510
A53: 0610000 | D53: Управління з гуманітарних питань Здолбунівської міської ради | E53: =E54+E55+E56+E59+E60+E62+E84+E86+E90+E99+E83+E61+E77+E88+E89+E91+E93+E94+E57 -> 70319182 | F53: =F54+F55+F56+F59+F60+F62+F86+F90+F99+F61+F77+F83+F88+F89+F91+F93+F94+F57+F84 -> 69702182 | G53: =G54+G55+G56+G59+G60+G62+G86+G90+G99+G61+G77+G83+G88+G89+G91+G93+G94+G57 -> 55982357 | H53: =H54+H55+H56+H59+H60+H62+H86+H90+H99+H61+H77+H83+H88+H89+H91+H93+H94 -> 195080 | I53: =I54+I55+I56+I59+I60+I62+I86+I90+I99+I61+I77+I83+I88+I89+I91+I93+I94+I84 -> 617000 | J53: =J54+J55+J56+J59+J60+J62+J84+J86+J90+J99+J83+J61+J77+J88+J89+J91+J93+J94+J80 -> -3640672 | K53: =K54+K55+K56+K59+K60+K62+K86+K90+K99+K61+K77+K83+K88+K89+K91+K93+K94+K80 -> -3640672 | L53: =L54+L55+L56+L59+L60+L62+L86+L90+L99+L61+L77+L83+L88+L89+L91+L93+L94 -> 0 | M53: =M54+M55+M56+M59+M60+M62+M86+M90+M99+M61+M77+M83+M88+M89+M91+M93+M94 -> 0 | N53: =N54+N55+N56+N59+N60+N62+N86+N90+N99+N61+N77+N83+N88+N89+N91+N93+N94 -> 0 | O53: =O54+O55+O56+O59+O60+O62+O86+O90+O99+O61+O77+O83+O88+O89+O91+O93+O94+O80 -> -3640672 | P53: =P54+P55+P56+P57+P62+P80+P84+P88+P91 -> 66678510
A54: 0610160 | B54: 0160 | C54: 0111 | D54: Керівництво і управління у відповідній сфері у містах (місті Києві), селищах, селах, територіальних громадах | E54: =F54+I54 -> 25000 | F54: 25000 | P54: =E54+J54 -> 25000
A55: 0611010 | B55: 1010 | C55: 0910 | D55: Надання дошкільної освіти | E55: =F55+I55 -> 175080 | F55: =70000-70000+70000+52000+28270+24810 -> 175080 | G55: =-60000 -> -60000 | H55: =70000+52000+28270+24810 -> 175080 | P55: =E55+J55 -> 175080
A56: 0611021 | B56: 1021 | C56: 0921 | D56: Надання загальної середньої освіти закладами загальної середньої освіти за рахунок коштів місцевого бюджету | E56: =F56+I56 -> 523442 | F56: =-115000+55000-22000+78090+14180+8000+32175+17294+3805+10000+2200+50000+50000+87500+17294+3805+46000+17294+3805+47000 -> 406442 | G56: =78090+17294+10000+17294+17294 -> 139972 | I56: =60000+22000+35000 -> 117000 | P56: =E56+J56 -> 523442
A57: 0611030 | B57: 1030 | C57: 0921 | D57: Надання загальної середньої освіти за рахунок освітньої субвенції | E57: =F57 -> 66269200 | F57: =F58 -> 66269200 | G57: =G58 -> 54438201 | P57: =E57+J57 -> 66269200
A58: 0611031 | B58: 1031 | C58: 0921 | D58: Надання загальної середньої освіти закладами загальної середньої освіти за рахунок освітньої субвенції | E58: =F58 -> 66269200 | F58: =10000-10000+4543-4543+39000-39000+74744-74744+66269200 -> 66269200 | G58: =10000-4543+39000+74744+54319000 -> 54438201 | P58: =E58+J58 -> 66269200
A59: 0611070 | B59: 1070 | C59: 0960 | D59: Надання позашкільної освіти закладами позашкільної освіти, заходи із позашкільної роботи з дітьми | E59: =F59 -> 0 | F59: =20000-20000 -> 0 | G59: =-10000 -> -10000 | H59: 20000 | P59: =E59+J59 -> 0
A60: 0611080 | B60: 1080 | C60: 0960 | D60: Надання спеціальної освіти мистецькими школами | E60: =F60 -> 0 | P60: =E60+J60 -> 0
A61: 0611142 | B61: 1142 | C61: 0990 | D61: Інші програми та заходи у сфері освіти | E61: =F61 -> 0 | P61: =E61+J61 -> 0
A62: 0611150 | B62: 1150 | D62: Забезпечення діяльності інклюзивно-ресурсних центрів | E62: =F62 -> 1769300 | F62: =F63+F64 -> 1769300 | G62: =G63+G64 -> 1474184 | P62: =E62+J62 -> 1769300
A63: 0611151 | B63: 1151 | C63: 0990 | D63: Забезпечення діяльності інклюзивно-ресурсних центрів за рахунок коштів місцевого бюджету | E63: =F63 -> 0 | P63: =E63+J63 -> 0
A64: 0611152 | B64: 1152 | C64: 0990 | D64: Забезпечення діяльності інклюзивно-ресурсних центрів за рахунок освітньої субвенції | E64: =F64 -> 1769300 | F64: 1769300 | G64: 1474184 | P64: =E64+J64 -> 1769300
A65: 0611180 | B65: 1180 | D65: Виконання заходів, спрямованих на забезпечення якісної, сучасної та доступної загальної середньої освіти "Нова українська школа" | J65: =J66+J67 -> 0 | K65: =K66+K67 -> 0 | L65: =L67 -> 0 | O65: =O66+O67 -> 0 | P65: =P66+P67 -> 0
A66: 0611183 | B66: 1183 | C66: 0990 | D66: Співфінансування заходів, що реалізуються за рахунок субвенції з державного бюджету місцевим бюджетам на реалізацію публічного інвестиційного проекту на забезпечення якісної, сучасної та доступної загальної середньої освіти «Нова українська школа» | E66: =F66 -> 0 | J66: =K66 -> 0 | K66: =O66 -> 0 | P66: =J66+E66 -> 0
A67: 0611184 | B67: 1184 | C67: 0990 | D67: Виконання заходів, спрямованих на реалізацію публічного інвестиційного проекту на забезпечення якісної, сучасної та доступної загальної середньої освіти «Нова українська школа» за рахунок субвенції з державного бюджету місцевим бюджетам | E67: =F67 -> 0 | J67: =K67 -> 0 | P67: =J67+E67 -> 0
A68: 0611200 | B68: 1200 | C68: 0990 | D68: Проведення (надання) додаткових психолого-педагогічних і корекційно-розвиткових занять (послуг) за рахунок субвенції з державного бюджету місцевим бюджетам на надання державної підтримки особам з особливими освітніми потребами | E68: =F68 -> 0 | P68: =J68+E68 -> 0
A71: 0611260 | B71: 1260 | D71: Виконання заходів щодо облаштування безпечних умов у закладах, що надають загальну середню освіту (облаштування укриттів), зокрема військових (військово-морських, військово-спортивних) ліцеях, ліцеях із посиленою військово-фізичною підготовкою | J71: =J72+J73 -> 0 | K71: =K72+K73 -> 0 | L71: =L72+L73 -> 0 | M71: =M72+M73 -> 0 | N71: =N72+N73 -> 0 | O71: =O72+O73 -> 0 | P71: =E71+J71 -> 0
A72: 0611261 | B72: 1261 | C72: 0990 | D72: Співфінансування заходів, що реалізуються за рахунок субвенції з державного бюджету місцевим бюджетам на реалізацію публічного інвестиційного проекту на облаштування безпечних умов у закладах, що надають загальну середню освіту (облаштування укриттів), зокрема військових (військово-морських, військово-спортивних) ліцеях, ліцеях із посиленою військово-фізичною підготовкою | J72: =K72 -> 0 | K72: =O72 -> 0 | P72: =J72+E72 -> 0
A73: 0611262 | B73: 1262 | C73: 0990 | D73: Виконання заходів щодо реалізації публічного інвестиційного проекту на облаштування безпечних умов у закладах, що надають загальну середню освіту (облаштування укриттів), зокрема військових (військово-морських, військово-спортивних) ліцеях, ліцеях із посиленою військово-фізичною підготовкою, за рахунок субвенції з державного бюджету місцевим бюджетам | P73: =J73+E73 -> 0
A74: 0611270 | B74: 1270 | C74: 0990 | D74: Виконання заходів за рахунок коштів освітньої субвенції з державного бюджету місцевим бюджетам (за спеціальним фондом державного бюджету) | J74: =K74 -> 0 | K74: =O74 -> 0 | O74: =O75 -> 0 | P74: =J74+E74 -> 0
A75: 0611273 | B75: 1273 | C75: 0990 | D75: Співфінансування заходів, що реалізуються за рахунок освітньої субвенції з державного бюджету місцевим бюджетам (за спеціальним фондом державногобюджету),на придбання обладнання, створення та модернізації (проведення реконструкції та капітального ремонту) їдалень (харчоблоків) закладів загальної середньої освіти | J75: =K75 -> 0 | K75: =O75 -> 0 | P75: =J75+E75 -> 0
A76: 0611274 | B76: 1274 | C76: 0990 | D76: Реалізація заходів за рахунок освітньої субвенції з державного бюджету місцевим бюджетам (за спеціальним фондом державного бюджету) на придбання обладнання, створення та модернізації (проведення реконструкції та капітального ремонту) їдалень (харчоблоків) закладів загальної середньої освіти | J76: =K76 -> 0 | K76: =O76 -> 0 | P76: =J76+E76 -> 0
A77: 0611290 | B77: 1290 | D77: Виконання заходів за рахунок залишку коштів за освітньою субвенцією на кінець бюджетного періоду, що мають цільове призначення, виділених відповідно до рішень Кабінету Міністрів України у попередніх бюджетних періодах (за спеціальним фондом державного бюджету) | E77: =E78+E79 -> 0 | F77: =F78+F79 -> 0 | I77: =I78 -> 0 | J77: =J78+J79 -> 0 | K77: =K78 -> 0 | L77: =L78+L79 -> 0 | O77: =O78+O79 -> 0 | P77: =E77+J77 -> 0
A78: 0611291 | B78: 1291 | C78: 0990 | D78: Співфінансування заходів, що реалізуються за рахунок залишку коштів за освітньою субвенцією на кінець бюджетного періоду, що мають цільове призначення, виділених відповідно до рішень Кабінету Міністрів України у попередніх бюджетних періодах (за спеціальним фондом державного бюджету) | E78: =F78+I78 -> 0 | J78: =K78 -> 0 | K78: =O78 -> 0 | P78: =SUM(J78+E78) -> 0
A79: 0611292 | B79: 1292 | C79: 0990 | D79: Реалізація заходів за рахунок залишку коштів за освітньою субвенцією на кінець бюджетного періоду, що мають цільове призначення, виділених відповідно до рішень Кабінету Міністрів України у попередніх бюджетних періодах (за спеціальним фондом державного бюджету) | E79: =F79 -> 0 | J79: =O79 -> 0 | P79: =SUM(J79+E79) -> 0
A80: 0611300 | B80: 1300 | C80: 0990 | D80: Будівництво-1 освітніх установ та закладів | J80: =K80 -> -4140672 | K80: =O80 -> -4140672 | O80: -4140672 | P80: =E80+J80 -> -4140672
A81: 0611403 | B81: 1403 | C81: 0990 | D81: Забезпечення харчуванням учнів початкових класів закладів загальної середньої освіти за рахунок субвенції з державного бюджету місцевим бюджетам | E81: =F81 -> 0 | J81: =K81+L81 -> 0 | P81: =E81+J81 -> 0
A82: 0611600 | B82: 1600 | C82: 0990 | D82: Здійснення доплат педагогічним працівникам закладів загальної середньої освіти за рахунок субвенції з державного бюджету місцевим бюджетам | E82: =F82 -> 0 | P82: =E82+J82 -> 0
A83: 0611702 | B83: 1702 | C83: 0990 | D83: Забезпечення харчуванням учнів закладів загальної середньої освіти за рахунок субвенції з державного бюджету місцевим бюджетам | E83: =F83 -> 0 | P83: =E83+J83 -> 0
A84: 0612010 | B84: 2010 | C84: 0731 | D84: Багатопрофільна стаціонарна медична допомога населенню | E84: =F84+I84 -> 1448560 | F84: =448560+500000 -> 948560 | I84: 500000 | P84: =E84+J84 -> 1448560
A85: 0612100 | B85: 2100 | C85: 0722 | D85: Стоматологічна допомога населенню | E85: =F85 -> 0 | P85: =E85+J85 -> 0
A86: 0612111 | B86: 2111 | C86: 0726 | D86: Первинна медична допомога населенню, що надається центрами первинної медичної (медико-санітарної) допомоги | E86: =F86 -> 0 | J86: =K86 -> 0 | K86: =O86 -> 0 | P86: =E86+J86 -> 0
A87: 0613133 | B87: 3133 | C87: 1040 | D87: Забезпечення молодіжними центрами соціального становлення та розвитку молоді та інші заходи у сфері молодіжної політики | E87: =F87 -> 0 | P87: =E87+J87 -> 0
A88: 0612170 | B88: 2170 | C88: 0763 | D88: Підготовка та реалізація публічних інвестиційних проектів / програм публічних інвестицій за рахунок коштів місцевого бюджету в галузі охорони здоров’я | E88: =F88 -> 0 | J88: =K88 -> 500000 | K88: =O88 -> 500000 | O88: =-800000+1300000 -> 500000 | P88: =E88+J88 -> 500000
A89: 0614030 | B89: 4030 | C89: 0824 | D89: Забезпечення діяльності бібліотек | E89: =F89 -> 0 | J89: =K89+L89 -> 0 | K89: =O89 -> 0 | P89: =E89+J89 -> 0
A90: 0614040 | B90: 4040 | C90: 0824 | D90: Забезпечення діяльності музеїв і виставок | E90: =F90+I90 -> 0 | J90: =K90+L90 -> 0 | K90: =O90 -> 0 | P90: =E90+J90 -> 0
A91: 0614060 | B91: 4060 | C91: 0828 | D91: Забезпечення діяльності палаців і будинків культури, клубів, центрів дозвілля та інших клубних закладів | E91: =F91 -> 108600 | F91: =74000+34600 -> 108600 | P91: =E91+J91 -> 108600
A92: 0614082 | B92: 4082 | C92: 0829 | D92: Інші заходи в галузі культури і мистецтва | E92: =F92 -> 0 | P92: =E92+J92 -> 0
A93: 0615031 | B93: 5031 | C93: 0810 | D93: Утримання та навчально-тренувальна робота комунальних дитячо-юнацьких спортивних шкіл | E93: =F93 -> 0 | P93: =E93+J93 -> 0
A94: 0615062 | B94: 5062 | C94: 0810 | D94: Підтримка спорту вищих досягнень та організацій, які здійснюють фізкультурно-спортивну діяльність в регіоні | E94: =F94 -> 0 | P94: =E94+J94 -> 0
A95: 0615049 | B95: 5049 | C95: 0810 | D95: Виконання окремих заходів з реалізації соціального проекту "Активні парки - локації здорової України" | E95: =F95 -> 0 | P95: =E95+J95 -> 0
A96: 0615010 | B96: 5010 | D96: Проведення спортивної роботи в регіоні | E96: =E97+E98 -> 0 | F96: =F97+F98 -> 0 | P96: =E96+J96 -> 0
A97: 0615011 | B97: 5011 | C97: 0810 | D97: Проведення навчально-тренувальних зборів і змагань з олімпійських видів спорту | E97: =F97 -> 0 | P97: =E97+J97 -> 0
A98: 0615012 | B98: 5012 | C98: 0810 | D98: Проведення навчально-тренувальних зборів і змагань з неолімпійських видів спорту | E98: =F98 -> 0 | P98: =E98+J98 -> 0
A99: 0615031 | B99: 5031 | C99: 0810 | D99: Утримання та навчально-тренувальна робота комунальних дитячо-юнацьких спортивних шкіл | E99: =F99 -> 0 | J99: =K99+L99 -> 0 | P99: =E99+J99 -> 0
A100: 0615053 | B100: 5053 | C100: 0810 | D100: Фінансова підтримка на утримання місцевих осередків (рад) всеукраїнських об'єднань фізкультурно-спортивної спрямованості | E100: =F100 -> 0 | P100: =E100+J100 -> 0
A101: 1600000 | D101: Відділ з питань містобудування, архітектури і цивільного захисту населення Здолбунівської міської ради | E101: =E102 -> 0 | F101: =F102 -> 0 | G101: =G102 -> 0 | H101: =H102 -> 0 | I101: =I102 -> 0 | J101: =J102 -> 0 | K101: =K102 -> 0 | L101: =L102 -> 0 | ... O101: =O102 -> 0 | P101: =E101+J101 -> 0
A102: 1610000 | D102: Відділ з питань містобудування, архітектури і цивільного захисту населення Здолбунівської міської ради | E102: =E103 -> 0 | F102: =F103 -> 0 | G102: =G103 -> 0 | H102: =H103 -> 0 | I102: =I103 -> 0 | J102: =J104 -> 0 | K102: =K104 -> 0 | L102: =L103 -> 0 | M102: =M103 -> 0 | N102: =N103 -> 0 | O102: =O104 -> 0 | P102: =E102+J102 -> 0
A103: 1610160 | B103: 0160 | C103: 0111 | D103: Керівництво і управління у відповідній сфері у містах (місті Києві), селищах, селах, територіальних громадах | E103: =F103+I103 -> 0 | J103: =K103 -> 0 | K103: =O103 -> 0 | P103: =E103+J103 -> 0
...

Sheet додаток _4
D1: Додаток № 4
D2: =додаток_1!D2 -> до рішення Здолбунівської міської ради
D3: =додаток_1!D3 -> "Про зміни до бюджету Здолбунівської міської територіальної громади на 2026 рік"
D4: =додаток_1!D4 -> від 18 вересня 2026 року № 3506
A6: ЗМІНИ ДО МІЖБЮДЖЕТНИХ ТРАНСФЕРТІВ
A7: бюджету Здолбунівської міської територіальної громади на 2026 рік
A8: 1755900000
A9: (код бюджету)
A11: 1. Показники міжбюджетних трансфертів з інших бюджетів
E12: (грн.)
A13: Код Класифікації доходу бюджету/ Код бюджету | B13: Найменування трансферту/ Найменування бюджету-надавача міжбюджетного трансферту | E13: Усього
A14: 1 | B14: 2 | E14: 3
A15: І. Трансферти до загального фонду бюджету
A16: 9900000000 | B16: Державний бюджет | E16: =E17+E19+E21+E20+E18+E22 -> 66269200
A17: 41036000 | B17: Субвенція з державного бюджету місцевим бюджетам на реалізацію публічного інвестиційного проекту на забезпечення якісної, сучасної та доступної загальної середньої освіти "Нова українська школа" | E17: =додаток_1!D107 -> 0
A18: =додаток_1!B103 -> 41031100 | B18: =додаток_1!C103 -> Субвенція з державного бюджету місцевим бюджетам на забезпечення харчуванням учнів закладів загальної середньої освіти | E18: =додаток_1!D103 -> 0
A19: 41033900 | B19: =додаток_1!C105 -> Освітня субвенція з державного бюджету місцевим бюджетам | E19: 66269200
A20: =додаток_1!B106 -> 41035400 | B20: =додаток_1!C106 -> Субвенція з державного бюджету місцевим бюджетам на надання державної підтримки особам з особливими освітніми потребами
A21: =додаток_1!B108 -> 41036300 | B21: =додаток_1!C108 -> Субвенція з державного бюджету місцевим бюджетам на здійснення доплат педагогічним працівникам закладів загальної середньої освіти | E21: =додаток_1!E108 -> 0
A22: 41035100 | B22: =додаток_1!C104 -> Субвенція з державного бюджету місцевим бюджетам на фінансування заходів соціально-економічної компенсації ризику населення, яке проживає на території зони спостереження
A23: 17100000000 | B23: Рівненський обласний бюджет | E23: =SUM(E24:E29) -> 1769300
A24: 41040400 | B24: Інші дотації з місцевого бюджету
A25: =додаток_1!B114 -> 41050300 | B25: =додаток_1!C114 -> Субвенція з місцевого бюджету на забезпечення харчуванням учнів закладів загальної середньої освіти за рахунок відповідної субвенції з державного бюджету | E25: =додаток_1!D114 -> 0
A26: =додаток_1!B115 -> 41051000 | B26: =додаток_1!C115 -> Субвенція з місцевого бюджету на здійснення переданих видатків у сфері освіти за рахунок коштів освітньої субвенції | E26: 1769300
A27: =додаток_1!B119 -> 41051400 | B27: =додаток_1!C119 -> Субвенція з місцевого бюджету на забезпечення якісної, сучасної та доступної загальної середньої освіти "Нова українська школа" за рахунок відповідної субвенції з державного бюджету | E27: =додаток_1!D119 -> 0
A28: =додаток_1!B120 -> 41057700 | B28: =додаток_1!C120 -> Субвенція з місцевого бюджету на виконання окремих заходів з реалізації соціального проекту "Активні парки - локації здорової України" за рахунок відповідної субвенції з державного бюджету | E28: =додаток_1!D120 -> 0
A29: 41059300 | B29: =додаток_1!C118 -> Субвенція з місцевого бюджету на забезпечення діяльності фахівців із супроводу ветеранів війни та демобілізованих осіб та окремі заходи з підтримки осіб, які захищали незалежність, суверенітет та територіальну цілісність України, за рахунок відповідної субвенції з державного бюджету | E29: =додаток_1!D118 -> 0
A30: 1755800000 | B30: Бюджет Здовбицької сільської територіальої громади | E30: =SUM(E31:F40) -> 200000
A31: 41051000 | B31: Субвенція з місцевого бюджету на здійснення переданих видатків у сфері освіти за рахунок коштів освітньої субвенції для оплати праці педагогічних працівників, які викладатимуть предмет "Захист України" в осередку
A32: 41053900 | B32: Інша субвенція на утримання Здолбунівського інклюзивно-ресурсного центру Здолбунівської міської ради
A33: 41053900 | B33: Інша субвенція на відшкодування вартості наданих послуг для осіб з особливими освітніми потребами з проведення комплексної психолого-педагогічної оцінки розвитку особистості та забезпечення їх системного кваліфікаційного супроводу КУ "Здолбунівського інклюзивно-ресурсного центру Здолбунівської міської ради"
A34: 41053900 | B34: Інша субвенція на забезпечення соціальними послугами жителів Здовбицької сільської територіальної громади в Здолбунівському територіальному центрі соціального обслуговування (надання соціальних послуг) Здолбунівської міської ради
A35: 41053900 | B35: Інша субвенція на оплату праці соціальних робітників та соціального працівника Здолбунівського територіального центру соціального обслуговування (надання соціальних послуг) Здолбунівської міської ради, які обслуговують жителів Здовбицької громади | E35: 200000
A36: 41053900 | B36: Інша субвенція на фінансову підтримку комунального некомерційного підприємства "Здолбунівський центр первинної медичної допомоги" Здолбунівської міської ради Рівненської області (оплата за електроенергію)
A37: 41053900 | B37: Інша субвенція для комунального некомерційного підприємства "Здолбунівська центральна міська лікарня" Здолбунівської міської ради Рівненської області (забезпечення пільгових категорій населення лікарськими засобами)
A38: 41053900 | B38: Інша субвенція для комунального некомерційного підприємства "Здолбунівська стоматологічна поліклініка" Здолбунівської міської ради на безкоштовне зубопротезування пільгових категорій населення жителів Здовбицької сільської територіальної громади
A39: 41053900 | B39: Інша субвенція на утримання дітей, зареєстрованих на території Здовбицької сільської територіальної громади, які зараховані у Новомильський заклад дошкільної освіти "Барвінок"
A40: 41053900 | B40: Інша субвенція на відшкодування вартості навчання дітей які зареєстровані у Здовбицькій сільській територіальній громаді у Здолбунівській музичній школі
A41: 17563000000 | B41: Бюджет Мізоцької селищної територіальної громади | E41: =E42+E43+E44 -> 0
A42: 41053900 | B42: Інша субвенція на оплату праці соціального робітника та соціальних працівників Здолбунівського територіального центру соціального обслуговуванння (надання соціальних послуг) Здолбунівської міської ради, які обслуговують жителів Мізоцької селищної територіальної громади
A43: 41053900 | B43: Інша субвенція на оплату праці з нарахуваннями соціальних працівників, та на утримання підопічних у відділенні постійного стаціонарного догляду Здолбунівського територіального центру соціального обслуговуванння (надання соціальних послуг) Здолбунівської міської ради
A44: 41053900 | B44: Інша субвенція для Комунального некомерційного підприємтсва "Здолбунівська стоматологічна поліклініка" Здолбунівської міськоїї ради (безкоштовне зубопротезування пільгових категорій населення жителів Мізоцької ТГ, оплату медоглядів призовників та допризовників лікарями-стоматологами)
A45: 17314200000 | B45: Рівненський районний бюджет
A46: ІІ. Трансферти до спеціального фонду бюджету
A47: 99000000000 | B47: Державний бюджет | E47: =E48 -> 0
A48: =додаток_1!B109 -> 41038800 | B48: =додаток_1!C109 -> Субвенція з державного бюджету місцевим бюджетам на реалізацію проектів в рамках Програми відновлення України III | E48: =додаток_1!F109 -> 0
A49: 17100000000 | B49: Рівненський обласний бюджет | E49: =E50+E51 -> 0
A50: =A26 -> 41051000 | B50: =B26 -> Субвенція з місцевого бюджету на здійснення переданих видатків у сфері освіти за рахунок коштів освітньої субвенції
A51: 41053900 | B51: Інші субвенції з місцевого бюджету (на капітальний ремонт даху будівлі дошкільного закладу "Грайлик" Здолбунівської міської ради Рівненської області по вул.Садова, 39 м.Здолбунів, Рівненської області, в т.ч. коригування проектно-кошторисної документації)
A52: Х | B52: УСЬОГО за розділами І, ІІ, у тому числі: | E52: =E53+E54 -> 68238500
A53: Х | B53: загальний фонд | E53: =E16+E23+E30+E41 -> 68238500
A54: Х | B54: спеціальний фонд | E54: =E49+E47 -> 0
A56: 2. Показники міжбюджетних трансфертів іншим бюджетам
E57: (грн.)
A58: Код Програмної класифікації видатків та кредитування місцевого бюджету/ Код бюджету | B58: Код Типової програмної класифі-кації видатків та кредиту-вання місцевого бюджету | C58: Найменування трансферту/ Найменування бюджету-отримувача міжбюджетного трансферту | E58: Усього
A59: 1 | B59: 2 | C59: 3 | E59: 4
A60: І. Трансферти із загального фонду бюджету
A61: 0119150 | B61: 9150 | C61: Інші дотації з місцевого бюджету
A62: 1710000000 | C62: Рівненський обласний бюджет | E62: =E63 -> 0
C63: Інша дотація з місцевого бюджету
A64: 0119770 | B64: 9770 | C64: Інші субвенції з місцевого бюджету | E64: =E65+E71+E74 -> 200000
A65: 1710000000 | C65: Рівненський обласний бюджет | E65: =E66+E67+E70+E68+E69 -> 200000
C66: Субвенція обласному бюджету для КЗ "Здолбунівський геріатричний пансіонат" Рівненської обласної ради на зміцнення матеріально-технічної бази закладу | E66: 100000
C67: Субвенція обласному бюджету для РОО "Динамо" ФСТ "Динамо" України на оплату комунальних послуг | E67: 50000
C68: Субвенція обласному бюджету на проведення комплексної реабілітації (абілітації) осіб з інвалідністю, членів сімей загиблих(померлих) Захисників та Захисниць України, ветеранів війни, Захисників і Захисниць, осіб, які отримали поранення, були в полоні, внутрішньо переміщених осіб в КЗ "Рівненський обласний центр комплексної реабілітації" Рівненської обласної ради | E68: 20000
C69: Субвенція Спеціальній школі в смт.Мізоч Рівненської обласної ради для оплати послуг перевізника по маршруту Здолбунів-Мізоч, Мізоч - Здолбунів для щоденного підвозу учнів з особливими освітніми потребами, які проживають на території Здолбунівської міської територіальної громади | E69: 30000
C70: Інша субвенція з місцевого бюджету обласному бюджету Рівненської області на виконання робіт по об"єкту: "Експлуатаційне утримання автомобільних доріг загального користування місцевого значення та штучних споруд на них у Рівненському районі Рівненської області (протяжністю 693,0км)"
A71: 1731420000 | C71: Рівненський районний бюджет | E71: =E72+E73 -> 0
C72: Інша субвенція рівненській районні державній адміністрації на виконання програми "Програми підвищення ефективності виконання повноважень органами виконавчої влади щодо реалізації державної політики впровадження реформ у Рівненському районі на 2021 - 2027 роки"
C73: Інша субвенція архівному управлінню на виконання "Програми підвищення ефективності виконання повноважень органами виконавчої влади щодо реалізації державної політики впровадження реформ у Рівненському районі на 2021 - 2027 роки"
A74: 1800000000 | C74: Житомирський обласний бюджет | E74: =E75 -> 0
C75: Субвенція обласному бюджету для КУ "Новоборівський дитячий будинок інтернат" Житомирської обласної ради на надання соціальної послуги цілодобового перебування отримувача соціальних послуг
A76: 0119800 | B76: 9800 | C76: =додаток_3!D51 -> Субвенція з місцевого бюджету державному бюджету на виконання програм соціально-економічного розвитку регіонів | E76: =E86+E83+E85+E84+E77+E78+E79+E80+E81+E82+E87+E88+E89 -> 150000
A77: 9900000000 | C77: Субвенція Рівненському районному відділу (з дислокацією у м.Здолбунів) Управління Служби безпеки України в Рівненській області для зміцнення матеріально-технічного забезпечення | E77: 100000
A78: 9900000000 | C78: Субвенція ГУНП в Рівненській області відділенню поліції №6 на ремонт транспортних засобів та матеріально-технічне забезпечення | E78: 50000
A79: 9900000000 | C79: Субвенція для ГУНП в Рівненській області на придбання паливно-мастильних матеріалів для поліцейських офіцерів громади
A80: 9900000000 | C80: Субвенція на зміцнення матеріально-технічної бази Здолбунівського управління Державної казначейської служби України Рівненської області ( в т.ч. придбання персональних комп"ютерів)
A81: 9900000000 | C81: Субвенція військовій частині А 3719 на закупівлю безпілотних літальних апаратів, наземних роботизованих комплексів, засобів РЕБ та комплектуючих до них
A82: 9900000000 | C82: Субвенція військовій частині А 7028 на закупівлю військової техніки та майна
A83: 9900000000 | C83: Субвенція військовій частині А 4698 на закупівлю комплектуючих для безпілотних літальних апаратів
A84: 99000000000 | C84: Субвенція військовій частині 9937 на закупівлю дороговартісних генераторів та зарядних станцій
A85: 9900000000 | C85: Субвенція військовій частині А4447 на придбання матеріальних цінностей
A86: 9900000000 | C86: Субвенція військовій частині А4977 на придбання безпілотних авіаційних комплексів та антен-підсилювачів сигналу для безпілотних апаратів
A87: 9900000000 | C87: Субвенція військовій частині А5237 для закупівлі майна електротехнічної служби
A88: 9900000000 | C88: Субвенція військовій частині А2802 для покращення матеріально-технічного забезпечення
A89: 9900000000 | C89: Субвенція військовій частині А4548 для закупівлі безпілотних літальних апаратів, безпілотних авіаційних комплексів
A90: ІІ. Трансферти із спеціального фонду бюджету
A91: 0119770 | B91: 9770 | C91: Інші субвенції з місцевого бюджету | E91: =E92+E101 -> 0
A92: 1710000000 | C92: Рівненський обласний бюджет | E92: =E93+E97 -> 0
C93: Субвенція Рівненському обласному бюджету на "Капітальний ремонт протирадіаційного укриття №65295 у будівлі хірургічного корпусу Комунального некомерційного підприємства "Здолбунівська центральна міська лікарня" Здолбунівської міської ради Рівненської області по вул. С Бандери,1 в м. Здолбунів Рівненської області"
A94: 0119740 | B94: 9770 | C94: Субвенція з місцевого бюджету на здійснення природоохоронних заходів
A95: 17100000000 | C95: Рівненський обласний бюджет
A100: 1731420000 | C100: Рівненський районний бюджет
C101: Субвенція на виконання Районної цільової програми запобігання винекненню, ліквідації наслідків надзвичайних ситуацій та протидії пожежам у природних екосистемах Рівненського району на 2025-2027 роки для капітального ремонту будівлі пожежного депо 3-му ДПРЗ ГУ ДСНС України у Рівненській області
A102: 0119800 | B102: 9800 | C102: =C76 -> Субвенція з місцевого бюджету державному бюджету на виконання програм соціально-економічного розвитку регіонів | E102: =SUM(E103:E110) -> 0
A103: 9900000000 | C103: Субвенція 3-му державному пожежно-рятувальному загону Головного управління ДСНС України у Рівненській області для забезпечення підрозділів пожежно-рятувальної спеціалізованої служби цивільного захисту
A104: 99000000000 | C104: Субвенція Рівненському районному відділу СБУ в Рівненській області (з дислокацією у м.Здолбунів) на придбання спеціалізованого службового автомобіля для виконання контррозвідувальної та оперативно-розшукової діяльності
A105: 99000000000 | C105: Субвенція ГУНП в Рівненській області на придбання спеціалізованого легкового автомобіля з додатковим обладнанням для поліцейських офіцерів громади
A106: 9900000000 | C106: Субвенція військовій частині А 4010 на закупівлю автомобіля
A107: 9900000000 | C107: Субвенція військовій частині 3009 для поліпшення матеріально-технічної бази
...

Sheet додаток_5
F1: Додаток № 5
G2: =додаток_1!D2 -> до рішення Здолбунівської міської ради
G3: =додаток_1!D3 -> "Про зміни до бюджету Здолбунівської міської територіальної громади на 2026 рік"
G4: =додаток_1!D4 -> від 18 вересня 2026 року № 3506
C8: ЗМІНИ до обсягів
C9: публічних інвестицій у розрізі публічних інвестиційних проектів та програм публічних інвестицій
C10: у 2026 році
A11: 1755900000
A12: (код бюжету)
A14: № з/п | B14: Найменування галузі(сектору) для публічного інвестування/публічного інвестиційного проєкту/програми публічних інвестицій | C14: Унікальний ідентифікатор проєкту/ програми | D14: Код Програмної класифікації видатків та кредитування місцевого бюджету | E14: Найменування бюджетної програми згідно з Типовою програмною класифікацією видатків та кредитування місцевого бюджету | F14: Найменування відповідального головного розпорядника коштів місцевого бюджетуу за галузь(сектор)/головного розпорядника коштів місцевого бюджету/відповідального виконавця | G14: Період реалізації публічного інвестиційного проєкту/програми публічних інвестицій(рік початку і завершення) | H14: Загальна вартість публічного інвестиційного проєкту /програми публічних інвестицій | I14: Обсяг бюджетних коштів, спрямованих на реалізацію публічного інвестиційного проєкту/програми публічних інвестицій у 2026 році | J14: у тому числі за рахунок:
J15: коштів місцевого бюджету | K15: міжбюджетних трансфертів з державного бюджету | L15: міжбюджетних трансфертів з інших місцевих бюджетів | M15: місцевих запозичень | N15: інших джерел
A16: 1 | B16: 2 | C16: 3 | D16: 4 | E16: 5 | F16: 6 | G16: 7 | H16: 8 | I16: 9 | J16: 10 | K16: 11 | L16: 12 | M16: 13 | N16: 14
A17: 1 | B17: Муніципальна інфраструктура та послуги ЖКГ | C17: Х | D17: 0116091 | E17: Підготовка та реалізація публічних інвестиційних проектів / програм публічних інвестицій за рахунок коштів місцевого бюджету в галузі житлово- комунального господарства | F17: Здолбунівська міська рада/ КП Здолбунівське | G17: Х | H17: =H18 -> 0 | I17: =I18 -> -2100000 | J17: =J18 -> -2100000
A18: 1.1 | C18: 011025-4230АА7D | G18: 2026 | I18: -2100000 | J18: -2100000
C19: Капітальний ремонт вулиць: І. Мазепи від лікарні до вул. Базарної ; вулиці Паркової від перехрестя вулиць Паркової, Шевченка та Шкільної; вулиці Грушевського від вул. Шевченка до вул. Приходька для створення безбар'єрних маршрутів в м. Здолбунів Рівненського району Рівненської області.
A20: 1 | B20: Муніципальна інфраструктура та послуги ЖКГ | C20: Х | D20: 0116091 | E20: Підготовка та реалізація публічних інвестиційних проектів / програм публічних інвестицій за рахунок коштів місцевого бюджету в галузі житлово- комунального господарства | F20: Здолбунівська міська рада/ КП Здолбунівкомуненергія | G20: Х | H20: =SUM(H21:H24) -> 0 | I20: =I21+I23 -> 0 | J20: =J21+J23 -> 0 | K20: =K21+K23 -> 0 | L20: =L21+L23 -> 0 | M20: =M21+M23 -> 0 | N20: =N21+N23 -> 0
A21: 1.1 | C21: 230925-FC918BD2 | G21: 2023-2028
C22: Реконструкція теплової мережі від котельні по вул.Шкільна, 40Б
A23: 1.2 | C23: 230925-1C88126E | G23: 2023-2027
C24: Капітальний ремонт з заміною котла котельні за адресою: вул. Заводська, 2Б
A25: 1 | B25: Муніципальна інфраструктура та послуги ЖКГ | C25: Х | D25: 0116091 | E25: Підготовка та реалізація публічних інвестиційних проектів / програм публічних інвестицій за рахунок коштів місцевого бюджету в галузі житлово- комунального господарства | F25: КП Здолбунівводоканал | G25: Х | H25: =H26 -> 0 | I25: =I26+I28 -> 0 | J25: =J26+J28 -> 0
A26: 1.1 | C26: 290426-А6192730 | G26: 2026 | I26: =J26 -> 0
C27: Нове будівництво насосної підкачувальної станції на лінії водопостачання по вул.Залізнична у м.Здолбунів Рівненського району Рівненської області
A28: 1.2 | C28: 290426-68DOA4F9 | G28: 2026
C29: Нове будівництво насосної підкачувальної станції на лінії водопостачання по вул.Залізнична у м.Здолбунів Рівненського району Рівненської області
A30: 2 | B30: Муніципальна інфраструктура та послуги ЖКГ | C30: Х | D30: 0117367 | E30: Реалізація проектів у рамках Програми відновлення України III | F30: Здолбунівська міська рада/ відділ з питань комунального господарства, благоустрою та екології | G30: х | H30: =H31+H33 -> 0 | I30: =I31+I33 -> 0 | J30: =J31+J33 -> 0 | K30: =K31+K33 -> 0
A31: 2.1 | C31: 240925-07BBEFE6 | G31: 2025-2026
C32: Реконструкція котельні з встановленням когенераційної установки потужністю 600 кВт за адресою: вул.Шкільна,40.
A33: 2.2 | C33: 240925-EC16D4CE | G33: 2025-2026
C34: Реконструкція котельні з встановленням когенераційної установки потужністю 600 кВт за адресою: вул.Шкільна,40Б.
B35: Всього по галузі: | H35: =H30+H20+H17+H25 -> 0 | I35: =I30+I20+I17+I25 -> -2100000 | J35: =J30+J20+J17+J25 -> -2100000 | K35: =K30+K20+K17 -> 0
A36: 2 | B36: Соціальна сфера | C36: Х | D36: 0113250 | E36: Підготовка та реалізація публічних інвестиційних проектів / програм публічних інвестицій за рахунок коштів місцевого бюджету в галузі соціального захисту та соціального забезпечення | F36: Здолбунівська міська рада/ Територіальний центр сціального обслуговування(надання соціальних послуг) | H36: =H37 -> 0 | I36: =I37 -> 0 | J36: =J37 -> 0
A37: 2.1 | C37: 180925-CCEA71EB | G37: 2024-2026
C38: Капітальний ремонт приміщення відділення фізичної реабілітації Здолбунівського територіального центру соціального обслуговування (надання соціальних послуг) Здолбунівської міської ради за адресою: вул. Мазепи гетьмана, 25 м. Здолбунів, Рівненської області
B39: Всього по галузі: | H39: =H36 -> 0 | I39: =I36 -> 0 | J39: =J36 -> 0
A40: 3 | B40: Освіта та наука | C40: Х | D40: 0611183 | E40: Співфінансування заходів, що реалізуються за рахунок субвенції з державного бюджету місцевим бюджетам на реалізацію публічного інвестиційного проекту на забезпечення якісної, сучасної та доступної загальної середньої освіти «Нова українська школа» | F40: Управління з гуманітарних питань Здолбунівської міської ради | H40: =SUM(H41:H66) -> 0 | I40: =SUM(I41:I66) -> 0 | J40: =SUM(J41:J66) -> 0
A41: 1.1 | C41: 131025-F5DD0B2E | G41: 2026
C42: Нова українська школа
A43: 1.2 | C43: 201125-4B959237 | G43: 2026
C44: Придбання засобів навчання та обладнання, комп'ютерного та мультимедійного обладнання для навчальних кабінетів Здолбунівського ліцею №2 Здолбунівської міської ради Рівненської області в межах впровадження реформи "Нова українська школа"
A45: 1.3 | C45: 270925-5E765823 | G45: 2026
C46: "Забезпеченість ЗЗСО сучасним обладнанням навчальних кабінетів Здолбунівського ліцею №3 Здолбунівської ради Рівненської області за адресою: вул. Кармелюка У.,5 , м. Здолбунів, Рівненської області"
A47: 1.4 | C47: 280925-FD459DA5 | G47: 2026
C48: Забезпечення засобами навчання та обладнанням в межах впровадження реформи “Нова українська школа"
A49: 1.5 | C49: 280925-B6C78246 | G49: 2026
C50: Кабінет інформатики Здолбунівського ліцею №5 Здолбунівської міської ради Рівненської області
A51: 1.6 | C51: 300925-D5444A59 | G51: 2026
C52: Забезпечення закладів загальної середньої освіти засобами навчання та обладнанням в межах впровадження реформи “Нова українська школа"
A53: 1.7 | C53: 220925-340FA53C | G53: 2026
C54: Технологічне забезпечення навчального процесу НУШ
A55: 1.8 | C55: 141025-25B888E8 | G55: 2026
C56: НУШ. Придбання мультимедійного обладнання.
A57: 1.9 | C57: 220925-9F5B84BF | G57: 2026
C58: Мультимедійне та комп'ютерне обладнання для закладів загальної середньої освіти в межах реформи НУШ
A59: 1.10 | C59: 260925-6C8F9F46 | G59: 2026
C60: Сучасний освітній простір НУШ для 9 класу Новосілківської гімназії
A61: 1.11 | C61: 270925-F80B984B | G61: 2026
C62: Закупівля обладнання для Нової української школи (8-9 класи) П'ятигірської гімніазії Здолбунівської міської ради Рівненської області
A63: 1.12 | C63: 120326-B5E9376B | G63: 2026
C64: Створення освітнього простору у межах реформи “Нова українська школа" у Здолбунівській міській територіальній громаді Рівненської області
A65: 3.1 | C65: 120326-B5E9376B | G65: 2026
C66: Створення освітнього простору у межах реформи “Нова українська школа" у Здолбунівській міській територіальній громаді Рівненської області
A67: 4 | B67: Освіта та наука | C67: Х | D67: 0611184 | E67: Виконання заходів, спрямованих на реалізацію публічного інвестиційного проекту на забезпечення якісної, сучасної та доступної загальної середньої освіти «Нова українська школа» за рахунок субвенції з державного бюджету місцевим бюджетам | F67: Управління з гуманітарних питань Здолбунівської міської ради | H67: =SUM(H68:H71) -> 0 | I67: =I68+I70 -> 0 | J67: =J68+J70 -> 0 | K67: =SUM(K68:K85) -> 0
A68: 2.1 | C68: 131025-F5DD0B2E | G68: 2026
C69: Нова українська школа
A70: 4.1 | C70: 120326-B5E9376B | G70: 2026
C71: Створення освітнього простору у межах реформи “Нова українська школа" у Здолбунівській міській територіальній громаді Рівненської області
A72: 3 | B72: Освіта та наука | C72: Х | D72: 0611251 | E72: Співфінансування заходів, що реалізуються за рахунок субвенції з державного бюджету місцевим бюджетам на реалізацію публічного інвестиційного проекту на безперешкодний доступ до якісної освіти – шкільні автобуси | F72: Управління з гуманітарних питань Здолбунівської міської ради | I72: =I81+I83 -> 0 | J72: =J81+J83 -> 0
A81: 3.1 | C81: 250925-4E813B8F | G81: 2026
C82: Шкільний автобус - шлях до освіти
A83: 3.2 | C83: 280925-01D8AD67 | G83: 2026
C84: Придбання автобуса для Здолбунівського ліцею №2 Здолбунівської міської ради Рівненської області
A85: 4 | B85: Освіта та наука | C85: Х | D85: 0611261 | E85: Співфінансування заходів, що реалізуються за рахунок субвенції з державного бюджету місцевим бюджетам на реалізацію публічного інвестиційного проекту на облаштування безпечних умов у закладах, що надають загальну середню освіту (облаштування укриттів), зокрема військових (військово-морських, військово-спортивних) ліцеях, ліцеях із посиленою військово-фізичною підготовкою | F85: Управління з гуманітарних питань Здолбунівської міської ради | H85: =H87 -> 0 | I85: =I87 -> 0 | J85: =J87 -> 0
A87: 4.1 | C87: 250925-CCCB3AD6 | G87: 2023-2028
C88: "Нове будівництво споруди цивільного захисту Здолбунівського ліцею №5 Здолбунівської міської ради Рівненської області на земельній ділянці з кадастровим номером 5622610100:00:009:0176"
A89: 4 | B89: Освіта та наука | C89: Х | D89: 0611273 | E89: Співфінансування заходів, що реалізуються за рахунок освітньої субвенції з державного бюджету місцевим бюджетам (за спеціальним фондом державного бюджету), на придбання обладнання, створення та модернізації (проведення реконструкції та капітального ремонту) їдалень (харчоблоків) закладів загальної середньої освіти | F89: Управління з гуманітарних питань Здолбунівської міської ради | H89: =H91+H93 -> 0 | I89: =I91+I93 -> 0 | J89: =I89 -> 0
A91: 4.1 | C91: 180326-D62834BE | G91: 2023-2026
C92: Капітальний ремонт харчоблоку в Здолбунівському ліцеї №6 Здолбунівської міської ради за адресою: Рівненська область, м.Здолбунів вул.Шкільна, 40 (коригування)
A94: 2 | B94: Освіта та наука | C94: Х | D94: 0611300 | E94: Підготовка та реалізація публічних інвестиційних проектів / програм публічних інвестицій за рахунок коштів місцевого бюджету в галузі освіти | F94: Управління з гуманітарних питань Здолбунівської міської ради | H94: =H96+H98 -> 0 | I94: =I96+I98 -> -4140672 | J94: =I94 -> -4140672
A96: 5.1 | C96: 201125-35E8512C | G96: 2023-2026
C97: Капітальний ремонт будівлі Здолбунівського ліцею №6 Здолбунівської міської ради Рівненської області за адресою: вул. Шкільна, 40, м. Здолбунів, Рівненської області (заходи з енергозбереження - утеплення фасаду, утеплення та ремонт даху)
A98: 2.1 | C98: 211025-916303F0 | G98: 2025-2026 | I98: -4140672 | J98: -4140672
C99: Капітальний ремонт будівлі Здолбунівського ліцею №4 Здолбунівської міської ради Рівненської області (заходи з енергозбереження: утеплення фасаду, утеплення та ремонт даху, заміна вікон і дверей) за адресою: вул.Шкільна, 11, м.Здолбунів, Рівненської області
B100: Всього по галузі: | H100: =H94+H72+H85+H40+H68+H89 -> 0 | I100: =I94+I72+I85+I40+I68+I89+I67 -> -4140672 | J100: =J94+J72+J85+J40+J68+J89 -> -4140672 | K100: =K40+K67 -> 0
A101: 3 | B101: Охорона здоров"я | C101: Х | D101: 0612170 | E101: Підготовка та реалізація публічних інвестиційних проектів / програм публічних інвестицій за рахунок коштів місцевого бюджету в галузі охорони здоров’я | I101: =I102+I104 -> 500000 | J101: =J102+J104 -> 500000
A102: 3.1 | C102: 141025-476C293B | G102: 2026 | I102: -800000 | J102: -800000
C103: Придбання комп'ютерного томографа
A104: 3.2 | C104: 220726-9DF9B42B | G104: 2026 | I104: 1300000 | J104: 1300000
C105: Придбання біофімічного автоматичного аналізатора
B106: Всього по галузі: | I106: =I101 -> 500000 | J106: =J101 -> 500000
B107: Всього публічних інвестицій | H107: =H106+H100+H39+H35 -> 0 | I107: =I106+I100+I39+I35 -> -5740672 | J107: =J106+J100+J39+J35 -> -5740672 | K107: =K106+K100+K39+K35 -> 0
A113: Секретар міської ради | F113: Олег БАБІЙ

Sheet додаток_6
H1: Додаток № 6
H2: =додаток_1!D2 -> до рішення Здолбунівської міської ради
H3: =додаток_1!D3 -> "Про зміни до бюджету Здолбунівської міської територіальної громади на 2026 рік"
H4: =додаток_1!D4 -> від 18 вересня 2026 року № 3506
C6: ЗМІНИ
C7: до розподілу витрат бюджету Здолбунівської територіальної громади
C8: на реалізацію місцевих / регіональних програм у 2026 році
B9: 1755900000
B10: (код бюджету)
J11: (грн.)
B12: Код Програмної класифікації видатків та кредиту-вання місцевого бюджету | C12: Код Типової програмної класифікації видатків та кредитування місцевого бюджету | D12: Код Функціональної класифікації видатків та кредитування бюджету | E12: Найменування головного розпорядника коштів місцевого бюджету / відповідального виконавця, найменування бюджетної програми згідно з Типовою програмною класифікацією видатків та кредитування місцевого бюджету | F12: Найменування місцевої / регіональної програми | G12: Дата і номер документа, яким затверджено місцеву регіональну програму | H12: Усього | I12: Загальний фонд | J12: Спеціальний фонд
J13: усього | K13: у тому числі бюджет розвитку
B14: 1 | C14: 2 | D14: 3 | E14: 4 | F14: 5 | G14: 6 | H14: 7 | I14: 8 | J14: 9 | K14: 10
B15: 0110000 | E15: Здолбунівська міська рада | H15: =SUM(H16:H48) -> 8248487 | I15: =SUM(I16:I48) -> 8248487 | J15: =SUM(J16:J48) -> 0 | K15: =SUM(K16:K48) -> 0
B16: 0110150 | C16: 0150 | D16: 0111 | E16: Організаційне, інформаційно-аналітичне та матеріально-технічне забезпечення діяльності обласної ради, районної ради, районної у місті ради (у разі її створення), міської, селищної сільської рад | H16: =J16 -> 0 | J16: =K16 -> 0
B17: 0110180 | C17: 0180 | D17: 0133 | E17: Інша діяльність у сфері державного управління | F17: Програма забезпечення депутатської діяльності депутатів Здолбунівської міської ради на 2025-2027 роки | G17: Рішення міської ради від 20.12.24. № 2498 | H17: =I17+J17 -> 0
B18: 0113032 | C18: 3032 | D18: 1070 | E18: Надання пільг окремим категоріям громадян з оплати послуг зв'язку | F18: Програма соціального захисту населення Здолбунівської міської територіальної громади та надання пільг окремим категоріям громадян на 2025-2027 роки | G18: Рішення міської ради від 20.12.24. № 2498 | H18: =I18 -> 0 | I18: =додаток_3!E19 -> 0
B19: 0113033 | C19: 3033 | D19: 1070 | E19: =додаток_3!D20 -> Компенсаційні виплати на пільговий проїзд автомобільним транспортом окремим категоріям громадян | F19: Програма соціального захисту населення Здолбунівської міської територіальної громади та надання пільг окремим категоріям громадян на 2025-2027 роки | G19: Рішення міської ради від 20.12.24. № 2498 | H19: =I19+J19 -> 0 | I19: =додаток_3!E20 -> 0
B20: 0113035 | C20: 3035 | D20: 1070 | E20: Компенсаційні виплати на пільговий проїзд окремих категорій громадян залізничним транспортом | F20: Програма здійснення відшкодування вартості пільгового проїзду окремих категорій громадян залізничним транспортом на приміському сполученні Здолбунівської міської територіальної громади на 2025-2027 роки | G20: Рішення міської ради від 20.12.24. № 2498 | H20: =I20+J20 -> 0
B21: 0113104 | C21: 3104 | D21: 1020 | E21: Забезпечення соціальними послугами за місцем проживання громадян, які не здатні до самообслуговування у зв"язку з похилим віком, хворобою, інвалідністю | F21: Програма розвитку Здолбунівської міської територіальної громади та підтримки комунальних підприємств на 2025-2027 роки | G21: Рішення міської ради від 20.12.24. № 2498 | H21: =J21 -> 0 | J21: =K21 -> 0
B22: 0113112 | C22: 3112 | D22: 1040 | E22: Заходи державної політики з питань дітей та їх соціального захисту | F22: Програма щодо реалізації Конвенції про права дитини у Здолбунівській міській територіальній громаді на 2025-2027 роки | G22: Рішення міської ради від 20.12.24. № 2498 | H22: =I22+J22 -> 0
B23: 0113160 | C23: 3160 | D23: 1010 | E23: Надання соціальних гарантій фізичним особам, які надають соціальні послуги громадянам похилого віку, особам з інвалідністю, дітям з інвалідністю, хворим, які не здатні до самообслуговування і потребують сторонньої допомоги | F23: Програма соціального захисту населення Здолбунівської міської територіальної громади та надання пільг окремим категоріям громадян на 2025-2027 роки | G23: Рішення міської ради від 20.12.24. № 2498 | H23: =I23 -> 0
B24: 0113242 | C24: 3242 | D24: 1090 | E24: Інші заходи та заклади у сфері соціального захисту і соціального забезпечення | F24: Програма соціального захисту населення Здолбунівської міської територіальної громади та надання пільг окремим категоріям громадян на 2025-2027 роки | G24: Рішення міської ради від 20.12.24. № 2498 | H24: =I24 -> -20000 | I24: -20000
B25: 0113242 | C25: 3242 | D25: 1090 | E25: Інші заходи та заклади у сфері соціального захисту і соціального забезпечення | F25: Програма соціальної підтримки Захисників та Захисниць України на 2025-2027 роки | G25: Рішення міської ради від 20.12.24. № 2498 | H25: =I25+J25 -> 65000 | I25: 65000
B26: 0113242 | C26: 3242 | D26: 1090 | E26: Інші заходи та заклади у сфері соціального захисту і соціального забезпечення | F26: Прорама підтримки внутрішньо переміщених осіб на 2025-2027 роки | G26: Рішення міської ради від 20.12.24. № 2498 | H26: =I26+J26 -> 0
B27: 0114082 | C27: 4082 | D27: 0829 | E27: Інші заходи в галузі культури і мистецтва | F27: Програма заходів з відзначення державних, професійних свят та ювілейних дат на 2025-2027 роки | G27: Рішення міської ради від 20.12.24. № 2498 | H27: =I27+J27 -> 0
B28: 0116012 | C28: 6012 | D28: 0620 | E28: Забезпечення діяльності з виробництва, транспортування, постачання теплової енергії | F28: Програма ефективної роботи та утримання водопровідно-каналізаційного господарства, діяльності з виробництва, транспортування, постачання теплової енергії на 2025-2027 роки | G28: Рішення міської ради від 20.12.24. № 2498 | H28: =I28 -> 2100000 | I28: =додаток_3!E30 -> 2100000
B29: 0116013 | C29: 6013 | D29: 0620 | E29: Забезпечення діяльності водопровідно-каналізаційного господарства | F29: Програма ефективної роботи та утримання водопровідно-каналізаційного господарства, діяльності з виробництва, транспортування, постачання теплової енергії на 2025-2027 роки | G29: Рішення міської ради від 20.12.24. № 2498 | H29: =I29 -> 433000 | I29: =додаток_3!E31 -> 433000
B30: 0116017 | C30: 6017 | D30: 0620 | E30: =додаток_3!D32 -> Інша діяльність, пов'язана з експлуатацією об'єктів житлово-комунального господарства | F30: Програма утримання та обслуговування об'єктів комунальної власності Здолбунівської міської територіальної громади, які закріпленні за комунальним підприємством"Здолбунівське" на праві господарського відання на 2025-2027 роки | G30: Рішення міської ради від 20.12.24. № 2498 | H30: =I30 -> 120000 | I30: =додаток_3!E32 -> 120000
B31: 0116030 | C31: 6030 | D31: 0620 | E31: Організація благоустрою населених пунктів | F31: Програма благоустрою Здолбунівської міської територіальної громади на 2025-2027 роки | G31: Рішення міської ради від 20.12.24. № 2498 | H31: =I31+J31 -> 880000 | I31: =додаток_3!E33 -> 880000
B32: 0116071 | C32: 6071 | D32: 0640 | E32: Відшкодування різниці між розміром ціни (тарифу) на теплову енергію, у тому числі її виробництво, транспортування та постачання, комунальні послуги, що затверджувалися або погоджувалися рішенням місцевого органу виконавчої влади та органу місцевого самоврядування, та розміром економічно обґрунтованих витрат на їх виробництво (надання) | F32: Програми відшкодування різниці між тарифами на послуги з централізованого водопостачання та централізованого водовідведення для населення | G32: Рішення міської ради від 26.01.26. № 3135 | H32: =I32 -> 0 | I32: =додаток_3!E34 -> 0
B33: 0116091 | C33: 6091 | D33: 0640 | E33: Підготовка та реалізація публічних інвестиційних проектів / програм публічних інвестицій за рахунок коштів місцевого бюджету в галузі житлово- комунального господарства | F33: Програма благоустрою Здолбунівської міської територіальної громади на 2025-2027 роки | G33: Рішення міської ради від 20.12.24. № 2498 | H33: =J33 -> 0 | J33: =K33 -> 0
B34: 0117130 | C34: 7130 | D34: 0421 | E34: Проведення заходів із землеустрою | F34: Програма розроблення земельної документації Здолбунівської міської територіальної громади на 2025-2027 роки | G34: Рішення міської ради від 20.12.24. № 2498 | H34: =I34+J34 -> 0 | I34: =додаток_3!E36 -> 0
B35: 0117350 | C35: 7350 | D35: 0443 | E35: Розроблення схем планування та забудови територій (містобудівної документації) | F35: Розроблення містобудівної документації Здолбунівської міської територіальної громади на 2025-2027 роки | G35: Рішення міської ради від 20.12.24. № 2498 | H35: =I35+J35 -> 0 | J35: =додаток_3!J37 -> 0 | K35: =J35 -> 0
B36: 0117367 | C36: 7367 | D36: 0490 | E36: Реалізація проектів у рамках Програми відновлення України III | F36: Програма розвитку Здолбунівської міської територіальної громади та підтримки комунальних підприємств на 2025-2027 роки | G36: Рішення міської ради від 20.12.24. № 2498 | H36: =J36 -> 0 | J36: =K36 -> 0
B37: 0117367 | C37: 7367 | D37: 0490 | E37: Реалізація проектів у рамках Програми відновлення України III | F37: Програма розвитку Здолбунівської міської територіальної громади та підтримки комунальних підприємств на 2025-2027 роки | G37: Рішення міської ради від 20.12.24. № 2498 | H37: =J37 -> 0
B38: 0117461 | C38: 7461 | D38: 0456 | E38: Утримання та розвиток автомобільних доріг та дорожньої інфраструктури за рахунок коштів місцевого бюджету | F38: Програма розвитку дорожнього господарства Здолбунівської міської територіальної громади на 2025-2027 роки | G38: Рішення міської ради від 20.12.24. № 2498 | H38: =I38+J38 -> 3994000 | I38: =додаток_3!F40 -> 3994000
B39: 0117670 | C39: 7670 | D39: 0490 | E39: Внески до статутного капіталу суб'єктів господарювання | F39: Програма розвитку Здолбунівської міської територіальної громади та підтримки комунальних підприємств на 2025-2027 роки | G39: Рішення міської ради від 20.12.24. № 2498 | H39: =I39+J39 -> 0 | J39: =K39 -> 0 | K39: =додаток_3!J41 -> 0
B40: 0117693 | C40: 7693 | D40: 0490 | E40: Інші заходи, пов'язані з економічною діяльністю | F40: Програма розвитку міжнародного та міжрегіонального співробітництва, організації та проведення конкурсів, проєктів розвитку Здолбунівської міської територіальної громади на 2025-2027 роки | G40: Рішення міської ради від 20.12.24. № 2498 | H40: =J40+I40 -> 0 | I40: =додаток_3!F43 -> 0
B41: 0117700 | C41: 7700 | D41: 0133 | E41: Реалізація програм допомоги і грантів Європейського Союзу, урядів іноземних держав, міжнародних організацій, донорських установ | F41: Програма реалізації проєкту "OLYMPICS4ALL:Active Ageing for Inclusive Communities" в Здолбунівській міській територіальній ггромаді | G41: Рішення міської ради від 25.03.26 № | H41: =J41+I41 -> 526487 | I41: 526487
B42: 0118110 | C42: 8110 | D42: 0320 | E42: Заходи із запобігання та ліквідації надзвичайних ситуацій та наслідків стихійного лиха | F42: Програми міжрегіональної підтримки постраждалих територій внаслідок збройної агресії з боку російської федерації, а також надзвичайних ситуацій на 2025 - 2027 роки | G42: Рішення міської ради від 20.12.24. № 2502 | H42: =I42+J42 -> 0 | I42: 0
B43: 0118110 | C43: 8110 | D43: 0320 | E43: Заходи із запобігання та ліквідації надзвичайних ситуацій та наслідків стихійного лиха | F43: Програма забезпечення безпеки та стійкості критичної інфраструктури на території Здолбунівської міської територіальної громади на 2025-2027 роки | G43: Рішення міської ради від 20.12.24. № 2506 | H43: =I43+J43 -> 0
B44: 0118110 | C44: 8110 | D44: 0320 | E44: Заходи із запобігання та ліквідації надзвичайних ситуацій та наслідків стихійного лиха | F44: Програма забезпечення цивільного захисту населення , пожежної та техногенної безпеки на території Здолбунівської міської територіальної громади на 2025-2027 роки | G44: Рішення міської ради від 20.12.24. № 2518 | H44: =I44+J44 -> 0 | I44: 0
B45: 0118220 | C45: 8220 | D45: 0380 | E45: Заходи та роботи з мобілізаційної підготовки місцевого значення | F45: Програма забезпечення мобілізаційної підготовки та оборонної роботи в Здолбунівській міській територіальній громаді на 2025-2027 роки | G45: Рішення міської ради від 20.12.24. № 2509 | H45: =I45+J45 -> 0 | I45: =додаток_3!E46 -> 0
B46: 0118240 | C46: 8240 | D46: 0380 | E46: Заходи та роботи з територіальної оборони | F46: Програма "Здолбунівський спротив на 2025-2027 роки" | G46: Рішення міської ради від 20.12.24. № 2505 | H46: =I46+J46 -> 0 | I46: =додаток_3!E47 -> 0 | J46: =K46 -> 0 | K46: =додаток_3!J47 -> 0
B47: 0118340 | C47: 8340 | D47: 0540 | E47: Природоохоронні заходи за рахунок цільових фондів | F47: Програма природоохоронних заходів, які фінансуються з Здолбунівського міського природоохоронного фонду в 2025-2027 роки | G47: Рішення міської ради від 20.12.24. № 2498 | H47: =I47+J47 -> 0 | J47: =додаток_3!J48 -> 0
B48: 0119800 | C48: 9800 | D48: 0180 | E48: Субвенція з місцевого бюджету державному бюджету на виконання програм соціально-економічного розвитку регіонів | F48: Програми економічного та соціального розвитку Здолбунівської міської територіальної громади на 2025-2027 роки | G48: Рішення міської ради від 20.12.24. № 2499 | H48: =I48+J48 -> 150000 | I48: =додаток_3!E51 -> 150000
B49: 0610000 | E49: Управління з гуманітарних питань Здолбунівської міської ради | H49: =H73+H76+H82+H83+H84+H80+H74+H50+H51+H81+H58+H70+H71+H72+H87+H57 -> 1456560 | I49: =I73+I76+I82+I83+I84+I80+I74+I50+I51+I81+I58+I70+I71+I72+I87+I57 -> 1456560 | J49: =J73+J76+J82+J83+J84+J80+J74+J50+J51+J81+J58+J70+J71+J72+J87 -> 0 | K49: =K73+K76+K82+K83+K84+K80+K74+K50+K51+K81+K58+K70+K71+K72+K87 -> 0
B50: 0611010 | C50: 1010 | D50: 0910 | E50: Надання дошкільної освіти | F50: Програма щодо приведення у готовність до укриття населення захисних споруд цивільного захисту Здолбунівської міської територіальної громади на 2026-2027 роки | G50: Рішення міської ради від 18.02.26. № 3148 | H50: =I50 -> 0 | J50: =K50 -> 0 | K50: 0
B51: 0611010 | C51: 1010 | D51: 0910 | E51: Надання дошкільної освіти | F51: Програми "Здорові діти-здорова та успішна нація" Здолбунівської міської територіальної громади на 2025-2027 роки | G51: Рішення міської ради від 20.12.24. № 2498 | H51: =I51 -> 0
B52: 0611021 | C52: 1021 | D52: 0921 | E52: Надання загальної освіти закладами загальної середньої освіти | F52: Програми "Здорові діти-здорова та успішна нація" Здолбунівської міської територіальної громади на 2025-2027 роки | G52: Рішення міської ради від 20.12.24. № 2498 | H52: =I52+J52 -> 0
B53: 0611021 | C53: 1021 | D53: 0921 | E53: Надання загальної освіти закладами загальної середньої освіти | F53: Програма розвитку Здолбунівської міської територіальної громади та підтримки комунальних підприємств на 2025-2027 роки | G53: Рішення міської ради від 20.12.24. № 2498 | H53: =I53+J53 -> 0 | J53: =K53 -> 0
B54: 0611021 | C54: 1021 | D54: 0921 | E54: Надання загальної освіти закладами загальної середньої освіти | F54: Програми енергоефективності та енергозбереження Здолбунівської міської територіальної громади на 2025-2027 роки | G54: Рішення міської ради від 20.12.24. № 2507 | H54: =J54 -> 0 | J54: =K54 -> 0
B55: 0611070 | C55: 1070 | D55: 0960 | E55: Надання позашкільної освіти закладами позашкільної освіти, заходи із позашкільної роботи з дітьми | F55: Програма розвитку Здолбунівської міської територіальної громади та підтримки комунальних підприємств на 2025-2027 роки | G55: Рішення міської ради від 20.12.24. № 2498 | H55: =J55 -> 0 | J55: =K55 -> 0
B56: 0611403 | C56: 1403 | D56: 0990 | E56: Забезпечення харчуванням учнів початкових класів закладів загальної середньої освіти за рахунок субвенції з державного бюджету місцевим бюджетам | F56: Програми "Здорові діти-здорова та успішна нація" Здолбунівської міської територіальнох громади на 2025-2027 роки. | G56: Рішення міської ради від 20.12.24. № 2498 | H56: =I56+J56 -> 0
B57: 0611021 | C57: 1021 | D57: 0921 | E57: Надання загальної освіти закладами загальної середньої освіти | F57: Програми забезпечення виплати одноразової грошової допомоги після здобуття базової загальної середньої/повної загальної середньої освіти та придбання одягу і взуття дітям сиротам і дітям, позбавленим батьківського піклування Здолбунівської міської територіальної громади на 2026-2027 роки | G57: Рішення міської ради від 18.02.26. № 3146 | H57: =I57 -> 8000 | I57: 8000
B58: 0611142 | C58: 1142 | D58: 0990 | E58: Інші програми та заходи у сфері освіти | F58: Програма роботи з обдаровоною молоддю Здолбунівської міської територіальної громади на 2025-2027 роки | G58: Рішення міської ради від 20.12.24. № 2498 | H58: =I58+J58 -> 0
B59: 0611142 | C59: 1142 | D59: 0990 | E59: Інші програми та заходи у сфері освіти | F59: Програми забезпечення виплати одноразової грошової допомоги після здобуття базової загальної середньої/повної загальної середньої освіти та придбання одягу і взуття дітям сиротам і дітям, позбавленим батьківського піклування Здолбунівської міської територіальної громади на 2026-2027 роки | G59: Рішення міської ради від 18.02.26 № 3146 | H59: =I59 -> 0
B60: 0611142 | C60: 1142 | D60: 0990 | E60: Інші програми та заходи у сфері освіти | F60: Програма створення єдиного інформаційного простору освіти Здолбунівської міської територіальної громади на 2025-2027 роки | G60: Рішення міської ради від 20.12.24. № 2498 | H60: =I60+J60 -> 0
B61: 0611183 | C61: 1183 | D61: 0990 | E61: Співфінансування заходів, що реалізуються за рахунок субвенції з державного бюджету місцевим бюджетам на реалізацію публічного інвестиційного проекту на забезпечення якісної, сучасної та доступної загальної середньої освіти «Нова українська школа» | F61: Програма розвитку Здолбунівської міської територіальної громади та підтримки комунальних підприємств на 2025-2027 роки | G61: Рішення міської ради від 20.12.24. № 2498 | H61: =I61+J61 -> 0 | J61: =K61 -> 0
B62: 0611151 | C62: 1151 | D62: 0990 | E62: Забезпечення діяльності інклюзивно-ресурсних центрів за рахунок коштів місцевого бюджету | G62: Рішення міської ради від 20.12.24. № | H62: =I62+J62 -> 0 | J62: =додаток_3!O63 -> 0 | K62: =J62 -> 0
B63: 0611183 | C63: 1183 | D63: 0990 | F63: Програма розвитку Здолбунівської міської тариторіальної громади та підтримки комунальних підприємств на 2025-2027 роки | G63: Рішення міської ради від 20.12.24. № 2498 | H63: =I63+J63 -> 0
B64: 0611182 | C64: 1182 | D64: 0990 | E64: Виконання заходів, спрямованих на забезпечення якісної, сучасної та доступної загальної середньої освіти "Нова українська школа" за рахунок субвенції з державного бюджету місцевим бюджетам | G64: Рішення міської ради від 20.12.24. № | H64: =I64+J64 -> 0
B65: 0611241 | C65: 1241 | D65: 0990 | E65: Співфінансування заходів, що реалізуються за рахунок субвенції з державного бюджету місцевим бюджетам на придбання обладнання, створення та модернізацію (проведення реконструкції та капітального ремонту) їдалень (харчоблоків) закладів загальної середньої освіти | F65: Програма розвитку Здолбунівської міської територіальної громади та підтримки комунальних підприємств на 2025-2027 роки | G65: Рішення міської ради від 20.12.24. № 2498 | H65: =I65+J65 -> 0
B66: 0611242 | C66: 1242 | D66: 0990 | E66: Виконання заходів щодо придбання обладнання, створення та модернізації (проведення реконструкції та капітального ремонту) їдалень (харчоблоків) закладів загальної середньої освіти за рахунок субвенції з державного бюджету місцевим бюджетам | F66: Програма розвитку Здолбунівської міської територіальної громади та підтримки комунальних підприємств на 2025-2027 роки | G66: Рішення міської ради від 20.12.24. № 2498 | H66: =I66+J66 -> 0
B67: 0611261 | C67: 1261 | D67: 0990 | E67: Співфінансування заходів, що реалізуються за рахунок субвенції з державного бюджету місцевим бюджетам на реалізацію публічного інвестиційного проекту на облаштування безпечних умов у закладах, що надають загальну середню освіту (облаштування укриттів), зокрема військових (військово-морських, військово-спортивних) ліцеях, ліцеях із посиленою військово-фізичною підготовкою | F67: Програма розвитку Здолбунівської міської територіальної громади та підтримки комунальних підприємств на 2025-2027 роки | G67: Рішення міської ради від 20.12.24. № 2498 | H67: =I67+J67 -> 0 | J67: =K67 -> 0
B68: 0611273 | C68: 1273 | D68: 0990 | E68: Співфінансування заходів, що реалізуються за рахунок освітньої субвенції з державного бюджету місцевим бюджетам (за спеціальним фондом державногобюджету),на придбання обладнання, створення та модернізації (проведення реконструкції та капітального ремонту) їдалень (харчоблоків) закладів загальної середньої освіти | F68: Програма розвитку Здолбунівської міської територіальної громади та підтримки комунальних підприємств на 2025-2027 роки | G68: Рішення міської ради від 20.12.24. № 2498 | H68: =I68+J68 -> 0 | J68: =K68 -> 0
B69: 0611274 | C69: 1274 | D69: 0990 | E69: Реалізація заходів за рахунок освітньої субвенції з державного бюджету місцевим бюджетам (за спеціальним фондом державного бюджету) на придбання обладнання, створення та модернізації (проведення реконструкції та капітального ремонту) їдалень (харчоблоків) закладів загальної середньої освіти | F69: Програма розвитку Здолбунівської міської територіальної громади та підтримки комунальних підприємств на 2025-2027 роки | G69: Рішення міської ради від 20.12.24. № 2498 | H69: =I69+J69 -> 0
B70: 0611291 | C70: 1291 | D70: 0990 | E70: Співфінансування заходів, що реалізуються за рахунок залишку коштів за освітньою субвенцією на кінець бюджетного періоду, що мають цільове призначення, виділених відповідно до рішень Кабінету Міністрів України у попередніх бюджетних періодах (за спеціальним фондом державного бюджету) | F70: Програма розвитку Здолбунівської міської територіальної громади та підтримки комунальних підприємств на 2025-2027 роки | G70: Рішення міської ради від 20.12.24. № 2498 | H70: =I70+J70 -> 0 | J70: =K70 -> 0
B71: 0611292 | C71: 1292 | D71: 0990 | E71: Реалізація заходів за рахунок залишку коштів за освітньою субвенцією на кінець бюджетного періоду, що мають цільове призначення, виділених відповідно до рішень Кабінету Міністрів України у попередніх бюджетних періодах (за спеціальним фондом державного бюджету) | F71: Програма розвитку Здолбунівської міської територіальної громади та підтримки комунальних підприємств на 2025-2027 роки | G71: Рішення міської ради від 20.12.24. № 2498 | H71: =J71 -> 0
B72: 0611702 | C72: 1702 | D72: 0990 | E72: Забезпечення харчуванням учнів закладів загальної середньої освіти за рахунок субвенції з державного бюджету місцевим бюджетам | F72: Програми "Здорові діти-здорова та успішна нація" Здолбунівської міської територіальної громади на 2025-2027 роки | G72: Рішення міської ради від 20.12.24. № 2498 | H72: =I72+J72 -> 0
B73: 0612010 | C73: 2010 | D73: 0731 | E73: Багатопрофільна стаціонарна медична допомога населенню | F73: Програма фінансової підтримки комунального некомерційного підприєства "Здолбунівська центральна міська лікарня" Здолбунівської міської ради Рівненської області на 2025-2027 роки | G73: Рішення міської ради від 20.12.24. № 2511 | H73: =I73+J73 -> 948560 | I73: =додаток_3!F84 -> 948560
B74: 0612010 | C74: 2010 | D74: 0731 | E74: Багатопрофільна стаціонарна медична допомога населенню | F74: Програма розвитку Здолбунівської міської територіальної громади та підтримки комунальних підприємств на 2025-2027 роки | G74: Рішення міської ради від 20.12.24. № 2498 | H74: =I74+J74 -> 500000 | I74: =додаток_3!I84 -> 500000
B75: 0612100 | C75: 2100 | D75: 0722 | E75: Стоматологічна допомога населенню | F75: Програма фінансової підтримки комунального некомерційного підприєства "Здолбунівська стоматологічна поліклініка" Здолбунівської міської ради на 2025-2027 роки | G75: Рішення міської ради від 20.12.24. № 2513 | H75: =I75+J75 -> 0 | I75: =додаток_3!E85 -> 0
B76: 0612111 | C76: 2111 | D76: 0725 | E76: Первинна медична допомога населенню, що надається центрами первинної медичної (медико-санітарної) допомоги | F76: Програма фінансової підтримки комунального некомерційного підприєства "Здолбунівський центр первинної медичної допомоги" Здолбунівської міської ради Рівненської області на 2025-2027 роки | G76: Рішення міської ради від 20.12.24. № 2512 | H76: =I76+J76 -> 0 | I76: =додаток_3!E86 -> 0
B77: 0612111 | C77: 2111 | D77: 0725 | E77: Первинна медична допомога населенню, що надається центрами первинної медичної (медико-санітарної) допомоги | F77: Програми подолання туберкульозу в Здолбунівській міській територіальній громаді на 2026-2027 роки | G77: Рішення міської ради від 17.12.25 № 3053 | H77: =I77+J77 -> 0 | J77: =K77 -> 0 | K77: =додаток_3!J86 -> 0
B78: 0612170 | C78: 2170 | D78: 0763 | E78: Будівництво-1 закладів охорони здоров'я | F78: Програма розвитку Здолбунівської міської територіальної громади та підтримки комунальних підприємств на 2025-2027 роки | G78: Рішення міської ради від 20.12.24. № 2498
B79: 0613133 | C79: 3133 | D79: 1040 | E79: Інші заходи та заклади молодіжної політики | F79: Програма підтримки та розвитку молоді та молодіжної політики Здолбунівської міської територіальної громади на 2025-2027 роки | G79: Рішення міської ради від 20.12.24. № 2514 | H79: =I79+J79 -> 0
B80: 0613193 | C80: 3193 | D80: 0130 | E80: Забезпечення діяльності фахівців із супроводу ветеранів війни та демобілізованих осіб та окремі заходи з підтримки осіб, які захищали незалежність, суверенітет та територіальну цілісність України | F80: Програма фінансової підтримки комунального некомерційного підприєства "Здолбунівський центр первинної медичної допомоги" Здолбунівської міської ради Рівненської області на 2025-2027 роки | G80: Рішення міської ради від 20.12.24. № 2512 | H80: =I80+J80 -> 0
B81: 0614040 | C81: 4040 | D81: 0824 | E81: Забезпечення діяльності музеїв і виставок | F81: Програма розвитку Здолбунівської міської територіальної громади та підтримки комунальних підприємств на 2025-2027 роки | G81: Рішення міської ради від 20.12.24. № 2498 | H81: =I81 -> 0 | J81: =K81 -> 0
B82: 0614082 | C82: 4082 | D82: 0829 | E82: Інші заходи в галузі культури і мистецтва | F82: Програма організації та проведення культурно-масових заходів Здолбунівської міської територіальної громади на 2025-2027 роки | G82: Рішення міської ради від 20.12.24. № 2498 | H82: =I82+J82 -> 0
B83: 0615011 | C83: 5011 | D83: 0810 | E83: Проведення навчально-тренувальних зборів і змагань з олімпійських видів спорту | F83: Програма розвитку фізичної культури та спорту Здолбунівської міської територіальної громади на 2025-2027 роки | G83: Рішення міської ради від 20.12.24. № 2498 | H83: =I83+J83 -> 0 | I83: =додаток_3!E97 -> 0
B84: 0615012 | C84: 5012 | D84: 0810 | E84: Проведення навчально-тренувальних зборів і змагань з неолімпійських видів спорту | F84: Програма розвитку фізичної культури та спорту Здолбунівської міської територіальної громади на 2025-2027 роки | G84: Рішення міської ради від 20.12.24. № 2498 | H84: =I84 -> 0
B85: 0615053 | C85: 5053 | D85: 0810 | E85: Фінансова підтримка на утримання місцевих осередків (рад) всеукраїнських організацій фізкультурно-спортивної спрямованості | F85: Програма розвитку фізичної культури та спорту Здолбунівської міської територіальної громади на 2025-2027 роки | G85: Рішення міської ради від 20.12.24. № 2498 | H85: =I85 -> 0 | I85: =додаток_3!F100 -> 0
B86: 0615041 | C86: 5041 | D86: 0810 | E86: Утримання та фінансова підтримка спортивних споруд | K86: =J86 -> 0
B87: 0615062 | C87: 5062 | D87: 0810 | E87: Підтримка спорту вищих досягнень та організацій, які здійснюють фізкультурно-спортивну діяльність в регіоні | F87: Програма розвитку фізичної культури та спорту Здолбунівської міської територіальної громади на 2025-2027 роки | G87: Рішення міської ради від 20.12.24. № 2498 | H87: =I87 -> 0
B88: 1600000 | E88: =додаток_3!D101 -> Відділ з питань містобудування, архітектури і цивільного захисту населення Здолбунівської міської ради | H88: =H89 -> 0 | J88: =J89 -> 0 | K88: =K89 -> 0
B89: 1617350 | C89: 7350 | D89: 0443 | E89: Розроблення схем планування та забудови територій (містобудівної документації) | F89: Розроблення містобудівної документації Здолбунівської міської територіальної громади на 2026-2027 роки | G89: Рішення міської ради від 18.02.26. № 3152 | H89: =J89 -> 0
B90: Х | C90: Х | D90: Х | E90: УСЬОГО: | F90: Х | G90: Х | H90: =H49+H15+H88 -> 9705047 | I90: =I49+I15+I88 -> 9705047 | J90: =J49+J15+J88 -> 0 | K90: =K49+K15+K88 -> 0
B94: Секретар міської ради | H94: Олег БАБІЙ

Sheet Лист1
